 Dungeon Crawl Stone Soup version 0.25-a0-701-gb30f108f01 (webtiles) character file.

Game seed: 10072420791863049751, levelgen mode: deterministic

725356 Mgcat the Merry Centaur (level 27, -10/218 (234) HPs)
             Began as a Centaur Arcane Marksman on Apr 3, 2020.
             Was the Champion of Okawaru.
             Mangled by a reaper
             ... wielding a +2 scythe of protection
              (32 damage)
             ... in the Vestibule of Hell.
             The game lasted 04:15:49 (89475 turns).

Mgcat the Merry Centaur (Centaur Arcane Marksman)  Turns: 89475, Time: 04:15:49

HP:   -10/218 (234) AC: 41    Str: 26    XL:     27
MP:   37/41         EV: 17    Int:  9    God:    Okawaru [******]
Gold: 7899          SH:  0    Dex:  9    Spells: 42/46 levels left

rFire    + + .     SeeInvis +   b - +9 longbow (vorpal)
rCold    + + .     Gourm    .   (shield currently unavailable)
rNeg     . . .     Faith    .   A - +6 gold dragon scales
rPois    +         Spirit   .   S - +2 helmet {SInv}
rElec    +         Reflect  .   m - +2 cloak {MR+}
rCorr    .         Harm     .   k - +2 pair of gloves {archery}
MR       +++++     Rnd*Rage +   N - +3 centaur barding {rF+}
Stlth    ..........             y - necklace of Bloodlust {*Rage +Rage MR++ Int-3 Slay+6 *Curse}
HPRegen  0.46/turn              z - ring "Nulopleu" {+Blink rPois rC+ Str+2 Dex-3}
MPRegen  0.27/turn              h - ring of Phasing {EV+8}

@: mighty, heroism, finesse, corroded, hasted, very quick
A: large, hooves 3, deformed body, speed 2, frail 1, high mp 1, electricity
resistance, tough skin 3
}: 3/15 runes: barnacled, silver, gossamer
a: Heroism, Finesse, Renounce Religion, Evoke Blink, Evoke Berserk Rage


You were in the Vestibule of Hell.
You worshipped Okawaru.
Okawaru was exalted by your worship.
You were completely stuffed.

You visited 12 branches of the dungeon, and saw 54 of its levels.
You visited 1 bazaar.
You also visited: Gauntlet and Desolation.

You collected 14417 gold pieces.
You spent 6518 gold pieces at shops.

Inventory:

Hand Weapons
 a - the +2 Maxwell's thermic engine {flame, freeze}
   (You found it on level 11 of the Dungeon)

   It has been specially enchanted to burn those struck by it, causing extra
   injury to most foes and up to half again as much damage against particularly
   susceptible opponents.
   Big, fiery blades are also staple armaments of hydra-hunters.
   It has been specially enchanted to freeze those struck by it, causing extra
   injury to most foes and up to half again as much damage against particularly
   susceptible opponents.
 b - a +9 vorpal longbow (weapon)
   (Okawaru gifted it to you on level 11 of the Dungeon)
 g - the +7 battleaxe of the Iron City of Dis {holy, +Fly MR+}
   (You took it off a deep elf mage on level 4 of the Vaults)

   It has been blessed by the Shining One to cause great damage to the undead
   and demons.
   It affects your resistance to hostile enchantments.
   It lets you fly.
Missiles
 d - 1227 arrows (quivered)
 t - a throwing net {=f, !d}
Armour
 k - a +2 pair of gloves of archery (worn)
   (Okawaru gifted it to you on level 3 of the Vaults)
 m - a +2 cloak of magic resistance (worn)
   (You found it in the Desolation of Salt)
 A - +6 gold dragon scales (worn)
   (You found it on level 5 of the Depths)
 N - a +3 centaur barding of fire resistance (worn)
   (Okawaru gifted it to you on level 1 of the Lair of Beasts)
 S - a +2 helmet of see invisible (worn)
   (You found it on level 2 of the Spider Nest)
Jewellery
 h - the ring of Phasing (right hand) {EV+8}
   (You found it on level 3 of the Crypt)

   [ring of evasion]

   It affects your evasion (+8).
 n - an uncursed ring of positive energy {rN+}
   (You found it on level 4 of the Dungeon)
 y - the necklace of Bloodlust (around neck) {*Rage +Rage MR++ Int-3 Slay+6 *Curse}
   (You found it on level 9 of the Dungeon)

   [amulet of rage]

   It affects your intelligence (-3).
   It affects your accuracy and damage with ranged weapons and melee attacks
   (+6).
   It affects your resistance to hostile enchantments.
   It lets you go berserk.
   It may make you go berserk in combat.
   It curses itself when equipped.
 z - the ring "Nulopleu" (left hand) {+Blink rPois rC+ Str+2 Dex-3}
   (You acquired it on level 1 of the Vaults)

   [ring of strength]

   It affects your strength (+2).
   It affects your dexterity (-3).
   It protects you from cold.
   It protects you from poison.
   It lets you blink.
 C - the ring "Dodoimn" {rC+ rCorr}
   (You found it in a Gauntlet)

   [ring of resist corrosion]

   It protects you from cold.
   It provides partial protection from all sources of acid and corrosion.
Wands
 p - a wand of acid (63)
   (You found it on level 6 of the Dungeon)
 w - a wand of polymorph (60)
   (You took it off Grinder on level 3 of the Dungeon)
 H - a wand of digging (17)
   (You found it on level 7 of the Dungeon)
 T - a wand of scattershot (16)
   (You found it on level 6 of the Lair of Beasts)
 W - a wand of clouds (20)
   (You found it on level 6 of the Lair of Beasts)
Scrolls
 c - 5 scrolls of silence
 i - 6 scrolls of fear
 l - 2 scrolls of summoning
 s - 19 scrolls of teleportation
 v - 41 scrolls of remove curse
 B - 33 scrolls of identify
 D - 3 scrolls of holy word {!r}
 I - 7 scrolls of fog
 O - 5 scrolls of magic mapping {!r}
 R - 2 scrolls of blinking {!r}
Potions
 j - 11 potions of ambrosia
 o - 6 potions of cancellation
 r - 9 potions of haste
 u - 8 potions of curing
 F - 3 potions of heal wounds
 G - 4 potions of mutation {!q}
 J - 5 potions of flight
 P - 6 potions of resistance
 Q - 2 potions of might
 Z - 3 potions of invisibility
Miscellaneous
 e - 2 boxes of beasts
 q - a phantom mirror
 x - a phial of floods
   (You found it on level 2 of the Depths)
 M - a lightning rod (4/4)
   (You found it on level 5 of the Vaults)
Comestibles
 f - 79 rations


   Skills:
 + Level 24.0(27) Fighting
   Level 9.7(16.2) Short Blades
 - Level 9.4(16.1) Long Blades
 O Level 27 Bows
 + Level 16.0(21.0) Armour
 + Level 15.2(20.2) Dodging
 - Level 10.0 Spellcasting
 - Level 15.0 Hexes
 - Level 15.0 Translocations
 + Level 20.7 Invocations
 - Level 5.0 Evocations


You had 42 spell levels left.
You knew the following spells:

 Your Spells              Type           Power        Failure   Level  Hunger
a - Corona                Hex            ####...      1%          1    None
b - Portal Projectile     Hex/Tloc       ####..       1%          3    ##.....

Your spell library contained the following spells:

 Spells                   Type           Power        Failure   Level  Hunger
 Apportation              Tloc           ####..       1%          1    None
 Blink                    Tloc           N/A          1%          2    #......
 Slow                     Hex            ####....     1%          2    #......
 Confusing Touch          Hex            ####....     1%          3    ##.....
 Gell's Gravitas          Tloc           ####......   1%          3    ##.....
 Lesser Beckoning         Tloc           ####......   1%          3    ##.....
 Teleport Other           Tloc           ####....     1%          3    ##.....
 Tukima's Dance           Hex            ####....     1%          3    ##.....
 Cause Fear               Hex            ####......   3%          4    ####...
 Passage of Golubria      Tloc           N/A          3%          4    ####...
 Ensorcelled Hibernation  Hex/Ice        ###...       12%         2    #......
 Shroud of Golubria       Chrm/Tloc      ###...       12%         2    #......
 Dazzling Flash           Conj/Hex       ###...       24%         3    ##.....
 Inner Flame              Hex/Fire       ###.....     24%         3    ##.....
 Darkness                 Hex            ####......   50%         6    #######
 Dispersal                Tloc           ####......   50%         6    #######
 Invisibility             Hex            ####....     50%         6    #######
 Leda's Liquefaction      Hex/Erth       ###.......   63%         4    ####...
 Animate Skeleton         Necr           N/A          87%         1    None
 Beastly Appendage        Tmut           #.....       87%         1    None
 Foxfire                  Conj/Fire      #...         87%         1    None
 Magic Dart               Conj           #...         87%         1    None
 Pain                     Necr           #...         87%         1    None
 Sandblast                Erth           #.....       87%         1    None
 Sting                    Tmut/Pois      #...         87%         1    None
 Summon Butterflies       Summ           #.......     87%         1    None
 Summon Small Mammal      Summ           #...         87%         1    None
 Metabolic Englaciation   Hex/Ice        ###.......   92%         5    ######.
 Silence                  Hex/Air        ###.......   92%         5    ######.
 Yara's Violent Unravell  Hex/Tmut       ###.......   92%         5    ######.
 Call Imp                 Summ           #.......     95%         2    #......
 Corpse Rot               Necr/Air       N/A          95%         2    #......
 Passwall                 Tmut/Erth      #.......     95%         2    #......
 Poisonous Vapours        Pois/Air       #.....       95%         2    #......
 Sticks to Snakes         Tmut           #.......     95%         2    #......
 Sublimation of Blood     Necr           #.........   95%         2    #......
 Swiftness                Chrm/Air       #.......     95%         2    #......
 Conjure Flame            Conj/Fire      #.......     99%         3    ##.....
 Ignite Poison            Fire/Tmut/Pois #.......     99%         3    ##.....
 Mephitic Cloud           Conj/Pois/Air  #.......     99%         3    ##.....
 Spider Form              Tmut/Pois      #.........   99%         3    ##.....
 Static Discharge         Conj/Air       #.......     99%         3    ##.....
 Stone Arrow              Conj/Erth      #.....       99%         3    ##.....
 Vampiric Draining        Necr           #.........   99%         3    ##.....
 Airstrike                Air            #.........   100%        4    ####...
 Animate Dead             Necr           N/A          100%        4    ####...
 Dispel Undead            Necr           #.......     100%        4    ####...
 Ice Form                 Ice/Tmut       #.......     100%        4    ####...
 Olgreb's Toxic Radiance  Pois           #.......     100%        4    ####...
 Petrify                  Tmut/Erth      #.......     100%        4    ####...
 Sticky Flame             Conj/Fire      #.......     100%        4    ####...
 Summon Ice Beast         Ice/Summ       #.......     100%        4    ####...
 Agony                    Necr           #.......     100%        5    ######.
 Alistair's Intoxication  Tmut/Pois      #.......     100%        5    ######.
 Blade Hands              Tmut           #.........   100%        5    ######.
 Bolt of Magma            Conj/Fire/Erth #.........   100%        5    ######.
 Borgnjor's Vile Clutch   Necr/Erth      #.........   100%        5    ######.
 Excruciating Wounds      Chrm/Necr      #.........   100%        5    ######.
 Fireball                 Conj/Fire      #.........   100%        5    ######.
 Iskenderun's Battlesphe  Conj/Chrm      #.......     100%        5    ######.
 Lee's Rapid Deconstruct  Erth           #.........   100%        5    ######.
 Lightning Bolt           Conj/Air       #.........   100%        5    ######.
 Summon Demon             Summ           #.........   100%        5    ######.
 Bolt of Fire             Conj/Fire      #.........   100%        6    #######
 Conjure Ball Lightning   Conj/Air       #.........   100%        6    #######
 Deflect Missiles         Chrm/Air       #.........   100%        6    #######
 Freezing Cloud           Conj/Ice/Air   #.........   100%        6    #######
 Iron Shot                Conj/Erth      #.........   100%        6    #######
 Simulacrum               Ice/Necr       #.........   100%        6    #######
 Starburst                Conj/Fire      #.........   100%        6    #######
 Statue Form              Tmut/Erth      #........    100%        6    #######
 Dragon Form              Tmut           #.........   100%        7    #######
 Malign Gateway           Summ/Tloc      ###.......   100%        7    #######
 Monstrous Menagerie      Summ           #.........   100%        7    #######
 Orb of Destruction       Conj           #.........   100%        7    #######
 Spellforged Servitor     Conj/Summ      #.........   100%        7    #######
 Summon Greater Demon     Summ           #.........   100%        7    #######
 Controlled Blink         Tloc           N/A          100%        8    #######
 Discord                  Hex            ####......   100%        8    #######
 Disjunction              Tloc           ####......   100%        8    #######
 Ignition                 Fire           #.........   100%        8    #######
 Infestation              Necr           #.........   100%        8    #######
 Summon Horrible Things   Summ           #.........   100%        8    #######
 Dragon's Call            Summ           #.........   100%        9    #######
 Shatter                  Erth           #.........   100%        9    #######
 Tornado                  Air            #.........   100%        9    #######


Dungeon Overview and Level Annotations

Branches:
Dungeon (15/15)            Temple (1/1) D:4            Lair (6/6) D:11
 Shoals (4/4) Lair:3       Spider (4/4) Lair:4        Slime (0/5) Lair:5
    Orc (2/2) D:11            Elf (3/3) Orc:2        Vaults (5/5) D:13
  Crypt (3/3) Vaults:2       Tomb (0/3) Crypt:3      Depths (5/5) D:15
   Hell (1/1)                 Zot (5/5) Depths:5    Desolation (visited)
Gauntlet (visited)
    Dis: Hell:1         Geh: Hell:1         Coc: Hell:1         Tar: Hell:1

Altars:
Ashenzari
Dithmenos
Fedhas
Gozag
Hepliaklqana
Makhleb
Okawaru
Qazlal
Sif Muna
Trog
Wu Jian
Xom
Yredelemnul
Zin
The Shining One
Beogh
Lugonu

Shops:
D:5 !   D:7 ?*}[   D:15 %   Orc:1 [=%   Orc:2 =*[(   Elf:2 ?   Vaults:1 [
Vaults:2 (   Vaults:3 *   Depths:1 (   Depths:5 !

Portals:
Hell: Depths:1 Depths:2 Depths:3 Depths:4 Depths:5
Abyss: D:7 Depths:1 Depths:2 Depths:4
Pandemonium: Depths:3
Ziggurat: Depths:1

Annotations:
Lair:4 exclusion: oklob plant
Elf:3 2 transporters, Zorot's ghost, adept VSGl
Crypt:2 2 transporters, 3 runed translucent doors, Nahunafo's ghost, veteran DsGl
Depths:2 exclusion: orange crystal statue
Zot:1 3 runed translucent doors, p0werm0de's ghost, adept DDFi
Zot:4 1 transporter


Innate Abilities, Weirdness & Mutations

You have hooves in place of feet.
Armour fits poorly on your strangely shaped body.
You cover ground very quickly.
You have extremely tough skin. (AC +3)
You are frail. (-10% HP)
You have an increased reservoir of magic. (+10% MP)
You are resistant to electric shocks. (rElec)


Message History

You take 10 damage, and have 131/218 hp.
Spoiler Alert: The lich might cast Banishment, Paralyse, Summon Demon, IOOD, or LCS!
Firing (i - inventory)
d - 1237 arrows (quivered)
Press: ? - help, Shift-Dir - straight line, f/p - skeletal warrior
Aim: a skeletal warrior, wielding a +0 dire flail (moderately damaged)
You shoot an arrow. The arrow hits the skeletal warrior.
The skeletal warrior is moderately damaged.
The skeletal warrior hits you but does no damage.
The reaper hits you from afar with a +2 scythe of protection!!
The skeletal warrior barely misses you. The skeletal warrior misses you.
You take 18 damage, and have 113/218 hp.
Spoiler Alert: The lich might cast Banishment, Paralyse, Summon Demon, IOOD, or LCS!
Firing (i - inventory)
d - 1236 arrows (quivered)
Press: ? - help, Shift-Dir - straight line, f/p - skeletal warrior
Aim: a skeletal warrior, wielding a +0 dire flail (moderately damaged)
You shoot an arrow. The arrow hits the skeletal warrior!
The skeletal warrior is heavily damaged.
The skeletal warrior hits you but does no damage.
The orange demon stings you from afar.
You take 1 damage, and have 112/218 hp.
Spoiler Alert: The lich might cast Banishment, Paralyse, Summon Demon, IOOD, or LCS!
Firing (i - inventory)
d - 1235 arrows (quivered)
Press: ? - help, Shift-Dir - straight line, f/p - skeletal warrior
Aim: a skeletal warrior, wielding a +0 dire flail (heavily damaged)
You shoot an arrow. The arrow hits the skeletal warrior!
The skeletal warrior is severely damaged.
The skeletal warrior barely misses you.
The reaper hits you from afar with a +2 scythe of flaming!!
You take 24 damage, and have 88/218 hp.
Spoiler Alert: The lich might cast Banishment, Paralyse, Summon Demon, IOOD, or LCS!
Firing (i - inventory)
d - 1234 arrows (quivered)
Press: ? - help, Shift-Dir - straight line, f/p - skeletal warrior
Aim: a skeletal warrior, wielding a +0 dire flail (severely damaged)
You shoot an arrow. The arrow hits the skeletal warrior!!
You destroy the skeletal warrior!
Okawaru accepts your kill.
The skeletal warrior hits you from afar with a +0 halberd!
The reaper hits you from afar with a +0 vampiric scythe!
You take 22 damage, and have 66/218 hp.
Spoiler Alert: The lich might cast Banishment, Paralyse, Summon Demon, IOOD, or LCS!
Firing (i - inventory)
d - 1233 arrows (quivered)
Press: ? - help, Shift-Dir - straight line, f - skeletal warrior
Aim: a skeletal warrior, wielding a +0 glaive You shoot an arrow.
The arrow hits the skeletal warrior!!
The skeletal warrior is heavily damaged.
The skeletal warrior misses you.
The skeletal warrior hits you but does no damage.
The reaper misses you.
The orange demon stings you but does no damage.
Spoiler Alert: The lich might cast Banishment, Paralyse, Summon Demon, IOOD, or LCS!
Firing (i - inventory)
d - 1232 arrows (quivered)
Press: ? - help, Shift-Dir - straight line, f/p - skeletal warrior
Aim: a skeletal warrior, wielding a +0 glaive (heavily damaged)
You shoot an arrow. The arrow hits the skeletal warrior!
The skeletal warrior is severely damaged.
The lich gestures wildly while chanting.
The lich seems to speed up.
Spoiler Alert: The lich might cast Banishment, Paralyse, Summon Demon, IOOD, or LCS!
Firing (i - inventory)
d - 1231 arrows (quivered)
Press: ? - help, Shift-Dir - straight line, f/p - skeletal warrior
Aim: a skeletal warrior, wielding a +0 glaive (severely damaged)
You shoot an arrow.
The arrow barely misses the skeletal warrior.
The skeletal warrior closely misses you.
Spoiler Alert: The lich might cast Banishment, Paralyse, Summon Demon, IOOD, or LCS!
Firing (i - inventory)
d - 1230 arrows (quivered)
Press: ? - help, Shift-Dir - straight line, f/p - skeletal warrior
Aim: a skeletal warrior, wielding a +0 glaive (severely damaged)
You shoot an arrow.
The arrow hits the skeletal warrior but does no damage.
The skeletal warrior is severely damaged.
The reaper hits you from afar with a +2 scythe of flaming!!
* * * LOW HITPOINT WARNING * * *
The reaper burns you.
* * * LOW HITPOINT WARNING * * *
The skeletal warrior hits you but does no damage.
The skeletal warrior barely misses you.
The orange demon stings you but does no damage.
You take 30 damage, and have 37/218 hp.
Spoiler Alert: The lich might cast Banishment, Paralyse, Summon Demon, IOOD, or LCS!
Firing (i - inventory)
d - 1229 arrows (quivered)
Press: ? - help, Shift-Dir - straight line, f/p - skeletal warrior
Aim: a skeletal warrior, wielding a +0 glaive (severely damaged)
You shoot an arrow. The arrow hits the skeletal warrior!
You destroy the skeletal warrior!
Okawaru accepts your kill.
Your base Fighting skill increases to level 24!
The reaper hits you from afar with a +0 vampiric scythe!
* * * LOW HITPOINT WARNING * * *
The skeletal warrior hits you but does no damage.
The skeletal warrior closely misses you.
You take 15 damage, and have 22/218 hp.
Spoiler Alert: The lich might cast Banishment, Paralyse, Summon Demon, IOOD, or LCS!
Firing (i - inventory)
d - 1228 arrows (quivered)
Press: ? - help, Shift-Dir - straight line, f - skeletal warrior
Aim: a skeletal warrior, wielding a +2 vorpal glaive You shoot an arrow.
The arrow hits the skeletal warrior!!!
The skeletal warrior is almost destroyed.
The reaper hits you from afar with a +2 scythe of protection!!
You die...

...... .##
.#.....#..## #§
.#......∩#..## #..
.............##§§≈
...(...........≈§.
....(..........§§.
.....(2.42)^...≈≈.
......(()(...##☼§≈
#....((@#..##
.#...)(#z2##
#.....zz.z##
##....((.##
##..L..## ##.((##
#((( #.(.. .....


You could see a lich, 3 reapers, 4 skeletal warriors and an orange demon.

Vanquished Creatures
  3 orbs of fire (Zot:5)
  Khufu (Crypt:3)
  Mara (Spider:3)
  2 juggernauts (Depths:3)
  15 ancient liches
  Sojobo (Vaults:2)
  7 Killer Klowns
  Xtahua (Vaults:3)
  Nikola (Shoals:3)
  3 curse toes
  A caustic shrike (Depths:3)
  10 golden dragons
  A bone dragon (Crypt:3)
  A profane servitor (Crypt:3)
  Arachne (Spider:1)
  Geryon (Hell)
  2 electric golems (Zot:5)
  Jorgrun (Orc:2)
  25 Orb Guardians (Zot:5)
  6 liches
  2 deep elf blademasters (Elf:3)
  Asterion (Elf:2)
  16 tentacled monstrosities
  5 titans
  8 quicksilver dragons
  2 deep elf master archers (Elf:3)
  13 death cobs
  Frances (D:12)
  Polyphemus (Shoals:2)
  6 ancient champions
  Agnes (Elf:2)
  5 sphinxes
  15 storm dragons
  2 thorn hunters (Elf:1)
  Donald (Lair:4)
  3 tengu reavers
  7 draconian monks
  5 fire giants
  20 vault wardens
  A nagaraja (Depths:4)
  14 shadow dragons
  2 revenants
  Aizul (Shoals:2)
  2 iron dragons
  5 draconian knights
  7 deep elf sorcerers
  3 imperial myrmidons (Desolation)
  12 frost giants
  Louise (Spider:1)
  3 emperor scorpions
  8 draconian scorchers
  3 curse skulls
  9 ghost moths
  An orc warlord (Orc:2)
  2 balrugs
  5 draconian shifters
  A ghoul (Crypt:3)
  16 ironheart preservers
  3 deep elf elementalists
  5 draconian annihilators
  5 war gargoyles
  5 entropy weavers
  2 reapers (Hell)
  33 very ugly things
  12 draconian stormcallers
  15 stone giants
  The ghost of EnegeticOcto the Cleaver, a journeyman DDFi of Makhleb (Orc:2)
  12 vampire knights
  9 deep elf annihilators
  6 deep elf demonologists
  17 green draconians
  8 black draconians
  12 yellow draconians
  14 red draconians
  A minotaur (Gauntlet)
  11 white draconians
  8 purple draconians
  15 ettins
  A halazid warlock (Desolation)
  11 deep elf death magi
  8 spark wasps
  2 eidola
  2 crystal guardians (Desolation)
  Snorg (D:11)
  2 mummy priests (Crypt:3)
  A quicksilver dragon zombie (Crypt:1)
  Erolcha (D:9)
  7 merfolk javelineers
  6 merfolk impalers
  20 jiangshi
  Josephine (D:12)
  8 fire dragons
  4 green deaths
  8 ragged hierophants (Desolation)
  Fannar (Lair:1)
  18 yaktaur captains
  5 naga warriors
  4 great orbs of eyes
  12 ogre magi
  4 deep elf high priests
  Harold (D:9)
  3 servants of whispers (Desolation)
  A hell beast (Depths:1)
  22 hydras
  4 rakshasas
  11 ice dragons
  7 peacekeepers
  3 catoblepae
  2 spriggan air magi
  34 vault guards
  13 centaur warriors
  Erica (D:8)
  4 merfolk avatars
  2 alligator snapping turtles
  7 death knights
  4 death yaks (Shoals:2)
  39 two-headed ogres
  9 hell hogs
  6 deep troll shamans
  5 merfolk aquamancers
  22 dancing weapons
  3 vampire magi
  Urug (D:11)
  10 tengu warriors
  7 deep troll earth magi
  2 orc high priests
  5 spriggan berserkers
  Nergalle (D:11)
  23 deep elf knights
  5 soul eaters
  46 skeletal warriors
  5 iron trolls
  3 sun demons
  9 shadow wraiths
  A storm dragon skeleton (Crypt:1)
  2 death drakes (Depths:2)
  30 deep trolls
  10 sea snakes
  3 naga ritualists (Depths:4)
  19 hell knights
  A sea snake (shapeshifter) (Elf:1)
  2 swamp dragons
  2 anaconda zombies
  A glowing orange brain (shapeshifter) (Depths:3)
  9 unseen horrors
  A large abomination (Crypt:3)
  An orange crystal statue (Depths:2)
  2 glowing orange brains
  6 wizards
  An obsidian statue (Zot:5)
  7 flayed ghosts
  A golden dragon skeleton (Crypt:1)
  11 deep elf archers
  An orb spider (shapeshifter) (Depths:3)
  11 necromancers
  22 ironbrand convokers
  An oklob plant (Lair:6)
  A wolf spider (shapeshifter) (Depths:2)
  4 fauns
  5 mana vipers
  An iron dragon zombie (Crypt:1)
  18 orb spiders
  2 tengu zombies (Depths:2)
  22 harpies
  A wolf spider zombie (Crypt:2)
  15 orc knights
  7 orc sorcerers
  39 wolf spiders
  56 deep elf magi
  12 phantasmal warriors
  26 moths of wrath
  55 ugly things
  7 cyclopes
  15 manticores
  6 spectral centaurs
  3 centaur zombies
  16 elephants
  7 guardian serpents
  Joseph (D:8)
  12 merfolk sirens
  A stone giant skeleton (Crypt:3)
  7 black mambas
  4 molten gargoyles
  A guardian serpent (shapeshifter) (Vaults:3)
  3 rust devils
  A naga mage (Depths:4)
  A fire giant skeleton (Crypt:1)
  11 vault sentinels
  2 smoke demons (Depths:5)
  A titan simulacrum (Crypt:1)
  5 centaur skeletons
  3 gargoyles
  6 water nymphs
  Maggie (D:8)
  20 spiny frogs
  A sea snake zombie (Crypt:2)
  11 komodo dragons
  2 kobold demonologists
  4 torpor snails
  An anaconda simulacrum (Lair:3)
  11 demonic crawlers
  11 freezing wraiths
  A redback zombie (D:15)
  68 yaktaurs
  A komodo dragon (shapeshifter) (Vaults:2)
  12 rime drakes
  A spectral merfolk (Depths:2)
  The ghost of zkyp the Skirmisher, an amateur MiEn (D:7)
  6 guardian mummies (Crypt:3)
  An ancient zyme (D:7)
  6 tengu conjurers
  2 red devils
  24 jumping spiders
  A polar bear (Lair:6)
  A hornet (shapeshifter) (D:13)
  A purple draconian skeleton (Crypt:1)
  31 merfolk
  A queen bee (shapeshifter) (Depths:3)
  A wind drake (shapeshifter) (Vaults:1)
  3 meliai (Spider:3)
  11 hornets
  11 wind drakes
  A harpy zombie (D:15)
  2 tyrant leeches (D:14)
  9 trolls
  Grinder (D:3)
  A polar bear (shapeshifter) (Depths:1)
  23 blink frogs
  17 hippogriffs
  A frost giant simulacrum (Crypt:3)
  Prince Ribbit (D:5)
  A raiju (shapeshifter) (Vaults:4)
  41 saltlings (Desolation)
  2 blink frogs (shapeshifter) (Vaults:1)
  A spectral meliai (Gauntlet)
  28 slime creatures
  A hippogriff (shapeshifter) (D:15)
  A raiju (Depths:2)
  A meliai zombie (D:11)
  9 snapping turtles
  16 water elementals
  54 flying skulls
  78 redbacks
  3 spriggans
  An elf skeleton (Depths:2)
  A tarantella (shapeshifter) (Vaults:5)
  4 air elementals (Elf:1)
  11 shadows
  27 tarantellas
  3 vampires
  21 wraiths
  4 basilisks
  A wind drake zombie (Crypt:2)
  A dire elephant simulacrum (Lair:3)
  3 fire bats (Gauntlet)
  A fire bat (shapeshifter) (Vaults:4)
  11 wyverns
  33 yaks
  7 fire elementals
  3 vampire mosquitoes (D:15)
  5 hungry ghosts
  A steam dragon (Lair:6)
  Grum (D:9)
  10 wargs
  Menkaure (D:4)
  A human simulacrum (Vaults:1)
  A deep troll zombie (Crypt:1)
  A water moccasin (shapeshifter) (Vaults:2)
  A human zombie (Depths:2)
  A naga (shapeshifter) (Vaults:5)
  2 swamp worms (D:14)
  7 small abominations
  6 acid dragons
  19 water moccasins
  A floating eye (Depths:2)
  A hydra simulacrum (Depths:2)
  A porcupine (Lair:2)
  26 hell hounds
  5 spectral trolls (Depths:2)
  4 ice beasts
  A swamp drake (Lair:6)
  An eye of draining (shapeshifter) (Vaults:1)
  44 orc warriors
  A spectral spriggan (Depths:2)
  A black bear (Lair:5)
  2 hornet zombies
  6 sky beasts
  4 necrophages (Crypt:3)
  44 ogres
  3 eyes of draining
  A dream sheep zombie (Crypt:2)
  A sky beast (shapeshifter) (Depths:3)
  13 wolves
  3 phantoms
  A snapping turtle zombie (Depths:2)
  26 centaurs
  5 boggarts
  22 crocodiles
  A rime drake zombie (Crypt:2)
  9 big kobolds
  Blork the orc (Orc:2)
  20 bullfrogs
  A wyvern zombie (D:15)
  A gnoll sergeant (D:7)
  A merfolk simulacrum (Depths:2)
  6 earth elementals (Elf:1)
  A wyvern skeleton (D:15)
  2 scorpions
  A polar bear zombie (Crypt:1)
  12 killer bees
  A spectral naga (Depths:2)
  An elf simulacrum (Vaults:3)
  A spectral ogre (Depths:2)
  A troll skeleton (Crypt:2)
  5 howler monkeys
  11 wights
  2 electric eels
  5 crimson imps
  13 orc priests
  Crazy Yiuf (D:5)
  7 hounds
  3 jellies
  30 orc wizards
  2 iron imps (Depths:5)
  5 bullfrog skeletons
  Terence (D:2)
  4 iguanas
  17 worker ants
  A troll simulacrum (Depths:2)
  A yak simulacrum (Lair:3)
  A deep dwarf zombie (Crypt:1)
  A demigod zombie (Crypt:1)
  An ogre zombie (Crypt:1)
  An ogre skeleton (Crypt:2)
  A hound skeleton (D:8)
  A howler monkey zombie (Crypt:1)
  A worker ant zombie (D:10)
  Robin (D:4)
  7 gnolls
  23 adders
  A naga simulacrum (Depths:2)
  A crocodile simulacrum (Lair:3)
  5 shadow imps
  An ooze (D:1)
  An adder zombie (D:6)
  An adder skeleton (D:7)
  2 worms (D:2)
  6 dart slugs
  10 leopard geckos
  100 orcs
  A ball python (D:1)
  8 giant cockroaches
  12 goblins
  9 hobgoblins
  14 jackals
  31 kobolds
  5 quokkas
  6 bats
  4 frilled lizards
  A giant cockroach zombie (Crypt:2)
  A quokka skeleton (D:7)
  A quokka zombie (D:7)
  A rat (shapeshifter) (Vaults:5)
  10 rats
  3 fire vortices (Elf:1)
  5 plants
2847 creatures vanquished.

Vanquished Creatures (collateral kills)
  A vault guard (Vaults:5)
  A guardian mummy (Crypt:3)
2 creatures vanquished.

Vanquished Creatures (others)
  An eldritch tentacle (Hell)
  A tengu reaver (Vaults:2)
  A fire giant (Vaults:5)
  A draconian knight (Zot:4)
  A vampire knight (Depths:3)
  An orb spider (Spider:4)
  A hippogriff (Shoals:4)
  A saltling (Desolation)
  A water elemental (Shoals:3)
  An ogre (shapeshifter) (Depths:5)
  3 orcs (Elf:1)
  16 fungi
  44 plants
73 creatures vanquished.

Grand Total: 2922 creatures vanquished

Notes
Turn   | Place    | Note
-------+----------+-------------------------------------------
     0 | D:1      | Mgcat the Centaur Arcane Marksman began the quest for the
                  | Orb.
     0 | D:1      | Reached XP level 1. HP: 16/16 MP: 2/2
   352 | D:1      | Reached skill level 3 in Bows
   365 | D:1      | Reached XP level 2. HP: 22/23 MP: 3/3
   570 | D:1      | Reached skill level 2 in Fighting
   992 | D:1      | Reached XP level 3. HP: 26/29 MP: 4/4
  1051 | D:2      | Reached skill level 4 in Bows
  1099 | D:2      | Noticed an ogre
  1112 | D:2      | Killed an ogre
  1112 | D:2      | Reached skill level 3 in Fighting
  1112 | D:2      | Reached skill level 5 in Bows
  1112 | D:2      | Reached XP level 4. HP: 13/38 MP: 5/5
  1351 | D:2      | Reached XP level 5. HP: 43/45 MP: 6/6
  2385 | D:3      | Found a faded altar of an unknown god.
  2680 | D:3      | Reached skill level 4 in Fighting
  2680 | D:3      | Reached skill level 6 in Bows
  3272 | D:3      | Reached XP level 6. HP: 42/52 MP: 7/7
  4031 | D:3      | Noticed Terence
  4648 | D:4      | Reached skill level 5 in Fighting
  4648 | D:4      | Reached skill level 7 in Bows
  4782 | D:4      | Noticed Menkaure
  4791 | D:4      | Killed Menkaure
  4791 | D:4      | Reached XP level 7. HP: 33/61 MP: 8/8
  4945 | D:4      | Found a staircase to the Ecumenical Temple.
  4958 | Temple   | Entered the Ecumenical Temple
  5018 | Temple   | Became a worshipper of Warmaster Okawaru
  5213 | D:4      | Noticed Grinder
  5238 | D:4      | Reached skill level 8 in Bows
  5294 | D:4      | Noticed Robin
  5301 | D:4      | Paralysed by Grinder for 2 turns
  5434 | D:4      | Killed Robin
  5486 | D:2      | Killed Terence
  5527 | D:3      | Paralysed by Grinder for 3 turns
  6013 | D:4      | Found the +7 captain's cutlass {speed, disarm}
  6091 | D:5      | Entered Level 5 of the Dungeon
  6179 | D:5      | Reached skill level 6 in Fighting
  6189 | D:5      | Noticed Prince Ribbit
  6247 | D:5      | Killed Prince Ribbit
  6247 | D:5      | Reached * piety under Okawaru
  6247 | D:5      | Reached skill level 1 in Short Blades
  6436 | D:5      | Reached XP level 8. HP: 66/71 MP: 9/9
  6553 | D:5      | Found Laoczikienuf's Distillery.
  6562 | D:5      | Bought a potion of mutation for 120 gold pieces
  6562 | D:5      | Bought a potion of curing for 45 gold pieces
  6562 | D:5      | Gained mutation: You are frail. (-10% HP) [potion of
                  | mutation]
  6562 | D:5      | Gained mutation: You are resistant to electric shocks.
                  | (rElec) [potion of mutation]
  6562 | D:5      | Gained mutation: You have an increased reservoir of magic.
                  | (+10% MP) [potion of mutation]
  6562 | D:5      | Lost mutation: You are frail. (-10% HP) [potion of
                  | mutation]
  6643 | D:5      | Reached skill level 2 in Short Blades
  6643 | D:5      | Reached skill level 9 in Bows
  6643 | D:5      | Reached skill level 1 in Invocations
  6808 | D:5      | Found a hazy altar of Hepliaklqana.
  6872 | D:5      | Found a runed translucent door.
  6873 | D:5      | Noticed Crazy Yiuf
  6979 | D:5      | Killed Crazy Yiuf
  7150 | D:6      | Reached skill level 2 in Invocations
  7606 | D:6      | Reached skill level 7 in Fighting
  7656 | D:6      | Reached skill level 3 in Short Blades
  7985 | D:3      | Killed Grinder
  7985 | D:3      | Reached skill level 3 in Invocations
  8114 | D:7      | Reached ** piety under Okawaru
  8117 | D:7      | Reached XP level 9. HP: 62/79 MP: 12/12
  8143 | D:7      | Found Wabekudoy's Antique Armour Emporium.
  8225 | D:7      | Reached skill level 10 in Bows
  8228 | D:7      | Found Peadouse's Assorted Antiques.
  8232 | D:7      | Found Buil's Magic Scroll Boutique.
  8283 | D:7      | Reached skill level 4 in Invocations
  8551 | D:6      | Reached skill level 4 in Short Blades
  8695 | D:7      | HP: 20/81 [poisoned by an orc warrior]
  8968 | D:7      | Reached skill level 8 in Fighting
  8970 | D:7      | Reached *** piety under Okawaru
  9081 | D:7      | Noticed an unseen horror
  9084 | D:7      | Reached skill level 5 in Invocations
  9098 | D:7      | Killed an unseen horror
  9098 | D:7      | Reached skill level 5 in Short Blades
  9098 | D:7      | Reached skill level 11 in Bows
  9286 | D:7      | Bought a runed shortbow for 102 gold pieces
  9303 | D:7      | Reached XP level 10. HP: 70/90 MP: 15/15
  9951 | D:7      | Noticed a brown ugly thing
  9994 | D:7      | Noticed a four-headed hydra
 10052 | D:6      | Killed a brown ugly thing
 10052 | D:6      | Reached **** piety under Okawaru
 10052 | D:6      | Reached skill level 9 in Fighting
 10241 | D:7      | Killed a four-headed hydra
 10241 | D:7      | Reached skill level 6 in Short Blades
 10241 | D:7      | Reached skill level 12 in Bows
 10367 | D:7      | Found Roypant's Gadget Shop.
 10380 | D:7      | Found a glowing golden altar of the Shining One.
 10446 | D:7      | Found a shadowy altar of Dithmenos.
 10542 | D:7      | Found a transporter.
 10544 | D:7      | Found a transporter.
 10555 | D:7      | Identified the +5 trident of Defence {distort, rC+ Dex+3}
 10611 | D:7      | Found a one-way gate to the infinite horrors of the Abyss.
 10611 | D:7      | Noticed zkyp's ghost (amateur MiEn)
 10642 | D:7      | Found a shadowy altar of Dithmenos.
 10752 | D:7      | Noticed a green ugly thing
 10832 | D:8      | Noticed Joseph
 10847 | D:8      | Killed Joseph
 11121 | D:8      | Noticed a two-headed ogre
 11167 | D:8      | Killed a two-headed ogre
 11167 | D:8      | Reached skill level 7 in Short Blades
 11186 | D:8      | Noticed a two-headed ogre
 11188 | D:8      | Noticed Erica
 11222 | D:7      | Killed a two-headed ogre
 11222 | D:7      | Reached ***** piety under Okawaru
 11222 | D:7      | Reached skill level 10 in Fighting
 11289 | D:8      | Killed Erica
 11289 | D:8      | Reached XP level 11. HP: 81/99 MP: 14/16
 11339 | D:8      | Noticed a two-headed ogre
 11369 | D:8      | Killed a two-headed ogre
 11369 | D:8      | Reached skill level 13 in Bows
 11662 | D:8      | Noticed Maggie
 11697 | D:8      | HP: 23/101 [Maggie/bolt of fire (13)]
 11701 | D:8      | HP: 5/101 [Maggie/bolt of fire (24)]
 12348 | D:8      | Received a gift from Okawaru
 12755 | D:8      | Killed Maggie
 13265 | D:9      | Noticed Grum
 13286 | D:9      | Killed Grum
 13291 | D:9      | Reached skill level 8 in Short Blades
 13768 | D:9      | Noticed Harold
 13868 | D:9      | Found the cursed necklace of Bloodlust {*Rage +Rage MR++
                  | Int-3 Slay+6 *Curse}
 13869 | D:9      | Noticed Erolcha
 13880 | D:9      | Killed Erolcha
 13880 | D:9      | Received a gift from Okawaru
 13989 | D:9      | Killed Harold
 13989 | D:9      | Received a gift from Okawaru
 14134 | D:9      | Reached skill level 11 in Fighting
 14317 | D:9      | Reached skill level 14 in Bows
 14364 | D:10     | Entered Level 10 of the Dungeon
 14907 | D:10     | Received a gift from Okawaru
 15045 | D:10     | Reached skill level 1 in Evocations
 15138 | D:10     | Noticed an unseen horror
 15151 | D:10     | Killed an unseen horror
 15151 | D:10     | Reached skill level 1 in Armour
 15151 | D:10     | Reached skill level 2 in Dodging
 15301 | D:11     | Noticed Nergalle
 15320 | D:11     | Killed Nergalle
 15332 | D:11     | Received a gift from Okawaru
 15332 | D:11     | Reached XP level 12. HP: 110/110 MP: 17/17
 15340 | D:11     | Noticed a two-headed ogre
 15348 | D:11     | Killed a two-headed ogre
 15348 | D:11     | Reached skill level 9 in Short Blades
 15367 | D:11     | Noticed a five-headed hydra
 15392 | D:11     | Killed a five-headed hydra
 15392 | D:11     | Reached skill level 2 in Evocations
 15467 | D:11     | Found a gate leading to a gauntlet.
 15472 | D:11     | Noticed a two-headed ogre
 15476 | Gauntlet | Entered a Gauntlet
 15476 | Gauntlet | Found a transporter.
 15476 | Gauntlet | Found a transporter.
 15481 | Gauntlet | Found a transporter.
 15496 | Gauntlet | Found a transporter.
 15514 | Gauntlet | Found a transporter.
 15527 | Gauntlet | Found a transporter.
 15529 | Gauntlet | Found a large runed translucent door.
 15530 | Gauntlet | Found a large runed translucent door.
 15531 | Gauntlet | Found a large runed translucent door.
 15531 | Gauntlet | Found a large runed translucent door.
 15531 | Gauntlet | Found a runed translucent door.
 15531 | Gauntlet | Found a runed translucent door.
 15532 | Gauntlet | Found a large runed translucent door.
 15532 | Gauntlet | Found a large runed translucent door.
 15533 | Gauntlet | Found a large runed translucent door.
 15534 | Gauntlet | Found a large runed translucent door.
 15539 | Gauntlet | Found a large runed translucent door.
 15539 | Gauntlet | Found a large runed translucent door.
 15540 | Gauntlet | Found a large runed translucent door.
 15540 | Gauntlet | Found a large runed translucent door.
 15541 | Gauntlet | Found a large runed translucent door.
 15541 | Gauntlet | Found a large runed translucent door.
 15541 | Gauntlet | Found a large runed translucent door.
 15543 | Gauntlet | Found a runed translucent gate.
 15543 | Gauntlet | Found a runed translucent gate.
 15543 | Gauntlet | Found a runed translucent gate.
 15544 | Gauntlet | Noticed a balrug
 15545 | Gauntlet | Found a transporter.
 15577 | Gauntlet | Noticed an anaconda
 15577 | Gauntlet | a shining eye changed into an anaconda
 15622 | Gauntlet | Found a transporter.
 15624 | Gauntlet | Noticed a death ooze
 15632 | Gauntlet | Found a transporter.
 15646 | Gauntlet | Found a transporter.
 15660 | Gauntlet | Found a transporter.
 15677 | Gauntlet | Noticed a hell hog
 15678 | Gauntlet | Found a transporter.
 15751 | Gauntlet | Found a transporter.
 15760 | Gauntlet | Found a transporter.
 15773 | Gauntlet | Found a transporter.
 15775 | Gauntlet | Found a large runed translucent door.
 15778 | Gauntlet | Found a transporter.
 15869 | Gauntlet | Got a wavering copper ring
 15881 | Gauntlet | Received a gift from Okawaru
 16100 | Gauntlet | Identified the ring "Dodoimn" {rC+ rCorr} (You found it in
                  | a Gauntlet)
 16153 | Gauntlet | HP: 26/110 [hell hog/fireball (24)]
 16157 | Gauntlet | Killed a hell hog
 16157 | Gauntlet | Reached skill level 2 in Armour
 16432 | Gauntlet | Noticed a minotaur
 16442 | Gauntlet | Killed a minotaur
 16465 | D:11     | HP: 27/111 [unseen horror (3)]
 16478 | D:11     | Received a gift from Okawaru
 16478 | D:11     | Reached skill level 3 in Dodging
 16480 | D:11     | HP: 27/111 [troll (9)]
 16483 | D:11     | HP: 11/111 [adder (4)]
 16489 | D:11     | HP: 9/111 [poisoned by an adder]
 16495 | D:11     | HP: 9/111 [poisoned by an adder]
 16503 | D:11     | HP: 9/111 [poisoned by an adder]
 16901 | D:11     | Reached skill level 3 in Evocations
 17122 | D:11     | Noticed Urug
 17133 | D:11     | Killed Urug
 17133 | D:11     | Reached skill level 3 in Armour
 17141 | D:11     | Killed a two-headed ogre
 17141 | D:11     | Reached skill level 12 in Fighting
 17347 | D:11     | Found the +2 Maxwell's thermic engine {flame, freeze}
 17444 | D:11     | Found a staircase to the Orcish Mines.
 17464 | D:11     | Found a staircase to the Lair.
 17566 | Lair:1   | Entered Level 1 of the Lair of Beasts
 17615 | Lair:1   | Reached skill level 4 in Evocations
 17654 | Lair:1   | Reached ****** piety under Okawaru
 17654 | Lair:1   | Received a gift from Okawaru
 17661 | Lair:1   | Reached skill level 4 in Dodging
 17664 | Lair:1   | Reached skill level 15 in Bows
 17676 | Lair:1   | Noticed Fannar
 17698 | Lair:1   | Killed Fannar
 17698 | Lair:1   | Received a gift from Okawaru
 17698 | Lair:1   | Reached skill level 1 in Long Blades
 17698 | Lair:1   | Reached XP level 13. HP: 101/118 MP: 16/18
 18355 | Lair:2   | Reached skill level 2 in Long Blades
 19405 | Lair:3   | Reached skill level 5 in Dodging
 19436 | Lair:3   | Reached skill level 4 in Armour
 19485 | Lair:3   | Found a transporter.
 19543 | Lair:3   | Found a transporter.
 19573 | Lair:3   | Reached skill level 5 in Evocations
 19635 | Lair:3   | Reached skill level 3 in Long Blades
 19932 | Lair:3   | Found a staircase to the Shoals.
 20356 | Lair:4   | Received a gift from Okawaru
 20369 | Lair:4   | Reached skill level 4 in Long Blades
 20579 | Lair:4   | Received a gift from Okawaru
 20620 | Lair:4   | Reached skill level 5 in Armour
 20745 | Lair:4   | Found a hole to the Spider Nest.
 20824 | Lair:4   | Reached skill level 16 in Bows
 20861 | Lair:4   | Reached XP level 14. HP: 127/127 MP: 19/19
 20936 | Lair:4   | Found a blossoming altar of Fedhas.
 21037 | Lair:4   | Reached skill level 13 in Fighting
 21672 | Lair:5   | Reached skill level 5 in Long Blades
 21997 | Lair:5   | Received a gift from Okawaru
 22233 | Lair:5   | Reached skill level 6 in Long Blades
 22325 | Lair:5   | Found a staircase to the Slime Pits.
 22587 | Lair:5   | Received a gift from Okawaru
 22812 | Lair:6   | Entered Level 6 of the Lair of Beasts
 23206 | Lair:6   | Reached skill level 17 in Bows
 23280 | Lair:6   | HP: 32/130 [poisoned by a black mamba]
 23285 | Lair:6   | HP: 25/130 [poisoned by a black mamba]
 23290 | Lair:6   | HP: 20/130 [poisoned by a black mamba]
 23295 | Lair:6   | HP: 17/130 [poisoned by a black mamba]
 23300 | Lair:5   | HP: 14/130 [poisoned by a black mamba]
 23306 | Lair:5   | HP: 12/130 [poisoned by a black mamba]
 23312 | Lair:5   | HP: 11/130 [poisoned by a black mamba]
 23319 | Lair:5   | HP: 11/130 [poisoned by a black mamba]
 23327 | Lair:5   | HP: 11/130 [poisoned by a black mamba]
 23904 | Lair:6   | Reached skill level 7 in Long Blades
 24022 | Lair:6   | Received a gift from Okawaru
 24022 | Lair:6   | Reached skill level 14 in Fighting
 24628 | Lair:6   | HP: 41/198 [six-headed hydra (11)]
 24629 | Lair:6   | Received a gift from Okawaru
 24631 | Lair:6   | HP: 19/198 [hornet (7)]
 24636 | Lair:6   | HP: 17/198 [poisoned by a hornet]
 24641 | Lair:6   | HP: 10/132 [poisoned by a hornet]
 24646 | Lair:5   | HP: 9/132 [poisoned by a hornet]
 24653 | Lair:5   | HP: 9/132 [poisoned by a hornet]
 24996 | Lair:6   | Got a transparent robe {god gift}
 25242 | Lair:6   | Reached XP level 15. HP: 132/138 MP: 20/20
 25926 | D:7      | Bought a scroll of acquirement for 676 gold pieces
 25926 | D:7      | Identified the ring "Vonkun" {Str+5 Dex+3} (You acquired it
                  | on level 7 of the Dungeon)
 25961 | D:7      | Bought an ancient plate armour for 644 gold pieces
 25961 | D:7      | Identified the +1 plate armour "Gusufomu" {+Blink rC+++
                  | rN+} (You bought it in a shop on level 7 of the Dungeon)
 26051 | D:7      | Bought a wand of acid (10) for 336 gold pieces
 26051 | D:7      | Bought a wand of clouds (5) for 324 gold pieces
 26051 | D:7      | Bought a box of beasts for 240 gold pieces
 26100 | D:5      | Bought a potion of resistance for 150 gold pieces
 26100 | D:5      | Bought a potion of resistance for 150 gold pieces
 26100 | D:5      | Bought a potion of might for 60 gold pieces
 26144 | D:7      | Bought a runed centaur barding for 442 gold pieces
 26275 | Orc:1    | Entered Level 1 of the Orcish Mines
 26286 | Orc:1    | Reached skill level 8 in Long Blades
 26461 | Orc:2    | Entered Level 2 of the Orcish Mines
 26552 | Orc:2    | Noticed Nessos
 26553 | Orc:2    | Noticed Nessos
 26553 | Orc:2    | Nessos changed into Nessos the swamp dragon
 26562 | Orc:2    | Killed Nessos the swamp dragon
 26745 | Orc:2    | Found a staircase to the Elven Halls.
 26804 | Orc:2    | Noticed Blork the orc
 26807 | Orc:2    | Killed Blork the orc
 26829 | Orc:2    | Reached skill level 18 in Bows
 26852 | Orc:2    | Noticed an orc warlord
 26875 | Orc:2    | Killed an orc warlord
 27085 | Orc:2    | Found a roughly hewn altar of Beogh.
 27099 | Orc:2    | Found Zibbyh's Antique Armour Boutique.
 27133 | Orc:2    | Found Topnuadgh's Antique Weapon Boutique.
 27164 | Orc:2    | Found Koadaw's General Store.
 27187 | Orc:2    | Found Talomn's Jewellery Boutique.
 27450 | Orc:2    | Found a runed translucent gate.
 27451 | Orc:2    | Found a runed translucent gate.
 27452 | Orc:2    | Found a runed translucent gate.
 27452 | Orc:2    | Noticed EnegeticOcto's ghost (journeyman DDFi)
 27509 | Orc:2    | Found an iron altar of Okawaru.
 27654 | Orc:1    | Found Nenown's Armour Boutique.
 27869 | Orc:1    | Found Bickomm's Jewellery Emporium.
 27869 | Orc:1    | Found Tuatogi's Food Shop.
 27869 | Orc:1    | Noticed Jorgrun
 27880 | Orc:2    | Killed Jorgrun
 28141 | D:12     | Noticed Josephine
 28149 | D:12     | Killed Josephine
 28149 | D:12     | Received a gift from Okawaru
 28195 | D:12     | Noticed Snorg
 28196 | D:12     | Noticed Frances
 28248 | D:11     | Killed Snorg
 28334 | D:11     | Received a gift from Okawaru
 28334 | D:11     | Reached skill level 9 in Long Blades
 28394 | D:12     | Killed Frances
 28420 | D:12     | Reached skill level 15 in Fighting
 28606 | D:12     | You fall into a shaft and drop 1 floor!
 28863 | D:13     | Received a gift from Okawaru
 28914 | D:13     | Reached skill level 19 in Bows
 28974 | D:13     | Received a gift from Okawaru
 29000 | D:13     | Found a gate to the Vaults.
 29658 | D:13     | Reached XP level 16. HP: 149/149 MP: 21/21
 30208 | D:14     | Gained mutation: You are frail. (-10% HP) [a neqoxec]
 30661 | D:14     | Reached skill level 6 in Invocations
 30851 | D:15     | Entered Level 15 of the Dungeon
 30912 | D:15     | Found a staircase to the Depths.
 31246 | D:15     | Received a gift from Okawaru
 31357 | D:15     | Found Besaeck's Food Emporium.
 31370 | D:15     | Reached skill level 16 in Fighting
 31376 | D:15     | Reached skill level 7 in Invocations
 31939 | D:15     | Reached skill level 20 in Bows
 31945 | D:15     | Received a gift from Okawaru
 32198 | Shoals:1 | Entered Level 1 of the Shoals
 32259 | Shoals:1 | Reached skill level 8 in Invocations
 32368 | Shoals:1 | Received a gift from Okawaru
 33539 | Shoals:2 | Noticed Aizul
 33556 | Shoals:2 | HP: 22/136 [Aizul/bolt of poison (14)]
 33559 | Shoals:2 | HP: 7/136 [Aizul/bolt of poison (22)]
 33564 | Shoals:2 | HP: 26/136 [poisoned by Aizul (bolt of poison)]
 33569 | Shoals:2 | Killed Aizul
 33695 | Shoals:2 | Reached skill level 9 in Invocations
 33995 | Shoals:2 | Noticed Polyphemus
 34021 | Shoals:2 | Killed Polyphemus
 34021 | Shoals:2 | Reached XP level 17. HP: 144/144 MP: 26/26
 34559 | Shoals:3 | Found a flickering gateway to a bazaar.
 34570 | Shoals:3 | Reached skill level 6 in Armour
 34595 | Bazaar   | Entered a bazaar
 34795 | Bazaar   | Found Doilic's General Store.
 34802 | Bazaar   | Found Zyuxie's Armour Shoppe.
 34839 | Bazaar   | Found Wococ's Magic Scroll Boutique.
 34882 | Bazaar   | Bought a manual of Bows for 1104 gold pieces
 34888 | Bazaar   | Bought a +2 pair of gloves of dexterity for 172 gold pieces
 34925 | Bazaar   | Bought a scroll of fog for 18 gold pieces
 35118 | Shoals:3 | Noticed Nikola
 35135 | Shoals:3 | Killed Nikola
 35135 | Shoals:3 | Received a gift from Okawaru
 35325 | Shoals:3 | Learned a level 3 spell: Portal Projectile
 35887 | Spider:1 | Entered Level 1 of the Spider Nest
 35887 | Spider:1 | Noticed Louise
 35901 | Spider:1 | Killed Louise
 36282 | Spider:1 | Reached skill level 21 in Bows
 36301 | Spider:1 | Noticed Donald
 36322 | Lair:4   | HP: 27/144 [Donald/+0 eveningstar (13)]
 36813 | Lair:4   | Killed Donald
 37119 | Spider:1 | Received a gift from Okawaru
 37121 | Spider:1 | Reached skill level 10 in Invocations
 37291 | Spider:1 | Reached skill level 17 in Fighting
 37316 | Spider:1 | Received a gift from Okawaru
 37410 | Spider:1 | You fall into a shaft and drop 1 floor!
 37411 | Spider:2 | Identified the amulet of Isux {Reflect Dex+3 SH+2} (You
                  | acquired it on level 2 of the Spider Nest)
 37825 | Spider:2 | Received a gift from Okawaru
 37854 | Spider:2 | Reached skill level 7 in Armour
 39591 | Shoals:4 | Entered Level 4 of the Shoals
 39617 | Shoals:4 | Received a gift from Okawaru
 39617 | Shoals:4 | HP: 35/144 [merfolk/+0 trident (6)]
 40547 | Shoals:4 | Reached skill level 22 in Bows
 40630 | Shoals:4 | meem: I'm meem, an infobot run by MalcolmRoseGaming: Type
                  | !submeem to keep me in your games; !nomeem to shut me up
                  | forever; !meem for help; !whymeem if you want to know why
                  | meem exists. Visit http://youtube.com/malcolmrosegaming for
                  | more DCSS content.
 41427 | Shoals:4 | Reached skill level 3 in Hexes
 41427 | Shoals:4 | Reached skill level 1 in Translocations
 41690 | Shoals:4 | Reached XP level 18. HP: 153/153 MP: 28/28
 41928 | Shoals:4 | Reached skill level 2 in Translocations
 42069 | Shoals:4 | Reached skill level 2 in Spellcasting
 42073 | Shoals:4 | Received a gift from Okawaru
 42333 | Shoals:4 | Reached skill level 4 in Hexes
 42462 | Shoals:4 | Got a barnacled rune of Zot
 42794 | Vaults:1 | Entered Level 1 of the Vaults
 42794 | Vaults:1 | Found Cevuapr Peil's Armour Shop.
 42798 | Vaults:1 | Reached skill level 3 in Translocations
 43039 | Vaults:1 | Reached skill level 8 in Armour
 43115 | Vaults:1 | Reached skill level 3 in Spellcasting
 43473 | Vaults:1 | Reached skill level 4 in Translocations
 43477 | Vaults:1 | Reached skill level 5 in Hexes
 43549 | Vaults:1 | Received a gift from Okawaru
 43813 | Vaults:1 | Reached skill level 4 in Spellcasting
 44182 | Vaults:1 | Reached skill level 5 in Translocations
 44232 | Vaults:1 | Reached skill level 18 in Fighting
 44365 | Vaults:1 | Reached skill level 6 in Hexes
 44486 | Vaults:1 | Reached XP level 19. HP: 142/161 MP: 29/29
 44492 | Vaults:1 | Received a gift from Okawaru
 44679 | Vaults:1 | Identified the ring "Nulopleu" {+Blink rPois rC+ Str+2
                  | Dex-3} (You acquired it on level 1 of the Vaults)
 44679 | Vaults:1 | Identified the +0 plate armour "Pafiduuro" {rPois} (You
                  | acquired it on level 1 of the Vaults)
 45555 | D:7      | Killed zkyp's ghost
 46478 | Orc:2    | Received a gift from Okawaru
 46556 | Orc:2    | Killed EnegeticOcto's ghost
 46800 | Spider:3 | Noticed Arachne
 47678 | Spider:1 | Killed Arachne
 47678 | Spider:1 | Reached skill level 9 in Armour
 47678 | Spider:1 | Reached skill level 5 in Spellcasting
 47811 | Spider:1 | Got a smoking battleaxe
 47812 | Spider:1 | Identified the +2 battleaxe of Spring {flame, Dex+2 Stlth+}
                  | (You found it on level 1 of the Spider Nest)
 47951 | Spider:3 | Reached skill level 6 in Translocations
 48149 | Spider:3 | Noticed Mara
 48184 | Spider:3 | Killed Mara
 48184 | Spider:3 | Received a gift from Okawaru
 48452 | Spider:4 | Entered Level 4 of the Spider Nest
 48938 | Spider:4 | Reached skill level 7 in Hexes
 49604 | Spider:4 | Got a gossamer rune of Zot
 49756 | Spider:4 | Received a gift from Okawaru
 49769 | Spider:4 | Got a steaming kite shield {god gift}
 49770 | Spider:4 | Identified the +2 kite shield of Julolad {rC+} (Okawaru
                  | gifted it to you on level 4 of the Spider Nest)
 49814 | Spider:4 | Reached skill level 6 in Dodging
 50675 | Vaults:2 | Reached skill level 7 in Translocations
 50701 | Vaults:2 | Reached XP level 20. HP: 115/170 MP: 31/31
 50708 | Vaults:2 | Reached skill level 6 in Spellcasting
 51036 | Vaults:2 | Found a staircase to the Crypt.
 51183 | Vaults:2 | Found Xorut's Antique Weapon Emporium.
 51368 | Vaults:2 | Noticed Sojobo
 51402 | Vaults:2 | Killed Sojobo
 51402 | Vaults:2 | Received a gift from Okawaru
 51720 | Vaults:2 | Reached skill level 8 in Hexes
 51731 | Vaults:2 | Reached skill level 23 in Bows
 51743 | Vaults:2 | Received a gift from Okawaru
 52385 | Vaults:3 | Received a gift from Okawaru
 53121 | Vaults:3 | Received a gift from Okawaru
 53256 | Vaults:3 | Reached skill level 10 in Armour
 53301 | Vaults:3 | Reached skill level 7 in Dodging
 53329 | Vaults:3 | Received a gift from Okawaru
 53566 | Vaults:3 | Reached skill level 8 in Translocations
 54236 | Vaults:3 | Noticed Xtahua
 54246 | Vaults:3 | Killed Xtahua
 54612 | Vaults:3 | Reached skill level 7 in Spellcasting
 54671 | Vaults:3 | Found Kuqeyg's General Store.
 54694 | Vaults:3 | Bought a cursed amulet of inaccuracy for 40 gold pieces
 54694 | Vaults:3 | Bought a potion of haste for 200 gold pieces
 54788 | Vaults:4 | Reached skill level 19 in Fighting
 54994 | Vaults:4 | Reached XP level 21. HP: 160/178 MP: 34/34
 55008 | Vaults:4 | Reached skill level 9 in Hexes
 55063 | Vaults:4 | Reached skill level 24 in Bows
 55202 | Vaults:4 | Received a gift from Okawaru
 55299 | Vaults:4 | Found a huge runed gate.
 55299 | Vaults:4 | Found a huge runed gate.
 55299 | Vaults:4 | Found a huge runed gate.
 55299 | Vaults:4 | Found a huge runed gate.
 55299 | Vaults:4 | Found a huge runed gate.
 55300 | Vaults:4 | Found a huge runed gate.
 55300 | Vaults:4 | Found a huge runed gate.
 55300 | Vaults:4 | Found a huge runed gate.
 55300 | Vaults:4 | Found a huge runed gate.
 55300 | Vaults:4 | Found a huge runed gate.
 55301 | Vaults:4 | Found a huge runed gate.
 55301 | Vaults:4 | Found a huge runed gate.
 55684 | Vaults:4 | Reached skill level 9 in Translocations
 56296 | Vaults:4 | Found a huge runed gate.
 56296 | Vaults:4 | Found a huge runed gate.
 56296 | Vaults:4 | Found a huge runed gate.
 56296 | Vaults:4 | Found a huge runed gate.
 56296 | Vaults:4 | Found a huge runed gate.
 56296 | Vaults:4 | Found a huge runed gate.
 56298 | Vaults:4 | Found a huge runed gate.
 56298 | Vaults:4 | Found a huge runed gate.
 56301 | Vaults:4 | Found a huge runed gate.
 56312 | Vaults:4 | Found a huge runed gate.
 56313 | Vaults:4 | Found a huge runed gate.
 56314 | Vaults:4 | Found a huge runed gate.
 56315 | Vaults:4 | Found a huge runed gate.
 56323 | Vaults:4 | Found a huge runed gate.
 56323 | Vaults:4 | Found a huge runed gate.
 56323 | Vaults:4 | Found a huge runed gate.
 56323 | Vaults:4 | Found a huge runed gate.
 56323 | Vaults:4 | Found a huge runed gate.
 56323 | Vaults:4 | Found a huge runed gate.
 56323 | Vaults:4 | Found a huge runed gate.
 56324 | Vaults:4 | Found a huge runed gate.
 56325 | Vaults:4 | Found a huge runed gate.
 56333 | Vaults:4 | Found a huge runed gate.
 56333 | Vaults:4 | Found a huge runed gate.
 56350 | Vaults:4 | Reached skill level 8 in Dodging
 56770 | Elf:1    | Entered Level 1 of the Elven Halls
 58055 | Orc:1    | Bought an uncursed ring of flight for 227 gold pieces
 58423 | Elf:1    | HP: 40/178 [wind drake/the air (16)]
 58427 | Elf:1    | Received a gift from Okawaru
 58428 | Elf:1    | HP: 42/178 [wind drake/the air (28)]
 58938 | Elf:1    | Found the +3 Elemental Staff {rElec rF++ rC++ MR++ AC+5}
 58952 | Elf:1    | Identified the Disquisition on Ignition
 58955 | Elf:1    | Identified the Catalogue of Clay
 59110 | Elf:2    | Reached skill level 8 in Spellcasting
 59130 | Elf:2    | Received a gift from Okawaru
 59286 | Elf:2    | Found a runed translucent gate.
 59286 | Elf:2    | Found a runed translucent gate.
 59296 | Elf:2    | Found Tiewn's Magic Scroll Shop.
 59302 | Elf:2    | Bought a scroll of enchant weapon for 90 gold pieces
 59302 | Elf:2    | Bought 2 scrolls of summoning for 228 gold pieces
 59362 | Elf:2    | Reached skill level 10 in Hexes
 59890 | Elf:2    | Found a ruined gateway.
 59924 | Desolati | Entered the Desolation of Salt
 60064 | Desolati | Reached XP level 22. HP: 185/185 MP: 34/37
 60134 | Desolati | Received a gift from Okawaru
 60137 | Desolati | Got a spiked ring mail {god gift}
 60138 | Desolati | Identified the +0 ring mail of a volcano {Str+2 Int+3
                  | Slay-5 SInv} (Okawaru gifted it to you in the Desolation of
                  | Salt)
 60288 | Desolati | Found the ring of the Mage {Wiz MR++ Int+3}
 60293 | Desolati | Got a steaming marble ring
 60326 | Desolati | Identified the ring "Kakheuh" {*Tele *Corrode rElec rPois
                  | Str+5 Dex+4} (You found it in the Desolation of Salt)
 60375 | Desolati | Got a glittering ivory ring
 60376 | Desolati | Identified the ring "Mimar" {rN+ MR- Int+2 Dex+4} (You
                  | found it in the Desolation of Salt)
 60636 | Desolati | Reached skill level 10 in Translocations
 60789 | Desolati | Identified Sif Muna's Disquisition on Poisoning and
                  | Transmigration
 61133 | Elf:2    | Found a runed translucent gate.
 61152 | Elf:2    | Noticed Agnes
 61159 | Elf:2    | Killed Agnes
 61166 | Elf:2    | Noticed Asterion
 61185 | Elf:2    | Killed Asterion
 61609 | Elf:3    | Entered Level 3 of the Elven Halls
 61627 | Elf:3    | Found a bloodstained altar of Trog.
 61627 | Elf:3    | Identified the +3 longbow of Silarir {flame, rPois Dex+6
                  | Stlth-}
 61627 | Elf:3    | Noticed Zorot's ghost (adept VSGl)
 61633 | Elf:3    | Found a transporter.
 61633 | Elf:3    | Identified the +5 rapier of Profit {freeze, +Rage rElec}
 61641 | Elf:3    | Found a transporter.
 61789 | Elf:3    | Reached skill level 9 in Dodging
 61870 | Elf:3    | Got an ancient jade amulet
 61921 | Elf:3    | Identified the +10 rapier of Toybumua {antimagic, *Contam
                  | rElec Str+5 Dex+4}
 62792 | Elf:3    | Identified the +2 robe of Submission {rCorr Slay+3}
 62805 | Elf:3    | Identified the ring of the Country {+Fly rC- MP+9 Int+8}
 63149 | Elf:3    | Identified the +6 quarterstaff of Heocs {holy, Int+4}
 63151 | Elf:3    | Received a gift from Okawaru
 63185 | Elf:3    | Identified the +11 hand axe "Jyppaixt" {drain, Dex+3}
 63186 | Elf:3    | Found the +7 sceptre of Torment {pain, torment}
 63195 | Elf:3    | Got a distressingly furry chain mail
 63196 | Elf:3    | Identified the cursed +1 chain mail of Grot {rCorr Str+3
                  | Int+3} (You found it on level 3 of the Elven Halls)
 63197 | Elf:3    | Identified the amulet of Honetul {+Rage MR+ SInv} (You
                  | found it on level 3 of the Elven Halls)
 63199 | Elf:3    | Identified the +7 broad axe of the Goat {vorpal, Str+3}
 63203 | Elf:3    | Reached skill level 9 in Spellcasting
 63653 | Crypt:1  | Entered Level 1 of the Crypt
 63658 | Crypt:1  | Received a gift from Okawaru
 63689 | Crypt:1  | Reached skill level 11 in Hexes
 63694 | Crypt:1  | Received a gift from Okawaru
 63771 | Crypt:1  | Got a polished hat
 63772 | Crypt:1  | Identified the +1 hat "Gimuph" {Int+4 Dex+4} (You found it
                  | on level 1 of the Crypt)
 64137 | Crypt:1  | Reached XP level 23. HP: 191/193 MP: 39/39
 64371 | Crypt:1  | Reached skill level 25 in Bows
 64435 | Crypt:1  | Reached skill level 11 in Armour
 65090 | Crypt:2  | Found a transporter.
 65090 | Crypt:2  | Noticed an ancient lich
 65370 | Crypt:2  | Reached skill level 20 in Fighting
 65592 | Crypt:2  | Found a runed translucent gate.
 65594 | Crypt:2  | Found a runed translucent gate.
 65596 | Crypt:2  | Found a runed translucent gate.
 65599 | Crypt:2  | Noticed Nahunafo's ghost (veteran DsGl)
 65601 | Crypt:2  | Found an iron altar of Okawaru.
 65675 | Crypt:2  | Found a transporter.
 65738 | Crypt:2  | Received a gift from Okawaru
 65759 | Crypt:2  | Reached skill level 11 in Translocations
 65903 | Crypt:2  | Got a bloodstained chain mail
 65904 | Crypt:2  | Identified the +3 chain mail of the Other World {rPois rC-
                  | rCorr Str+7} (You found it on level 2 of the Crypt)
 66090 | Crypt:3  | Entered Level 3 of the Crypt
 66141 | Crypt:3  | Received a gift from Okawaru
 66142 | Crypt:3  | Got a pitted great sword {god gift}
 66386 | Crypt:3  | Found a basalt altar of Yredelemnul.
 66863 | Crypt:3  | Received a gift from Okawaru
 67070 | Crypt:3  | Received a gift from Okawaru
 67566 | Crypt:3  | Reached skill level 10 in Dodging
 67793 | Crypt:3  | Identified the Guide on Black Arts
 67861 | Crypt:3  | Found a staircase to the Tomb.
 67861 | Crypt:3  | Noticed Khufu
 67862 | Crypt:3  | Found the ring of Phasing {EV+8}
 67873 | Crypt:3  | Killed Khufu
 68282 | Depths:1 | Entered Level 1 of the Depths
 68303 | Depths:1 | Found a shattered altar of Ashenzari.
 68362 | Depths:1 | Received a gift from Okawaru
 68389 | Depths:1 | Found Jiesui's Antique Weapon Emporium.
 68411 | Depths:1 | Found a gateway to a ziggurat.
 68480 | Depths:1 | Found a gateway to Hell.
 68681 | Depths:1 | Reached skill level 11 in Invocations
 68711 | Depths:1 | Found a corrupted altar of Lugonu.
 69200 | Depths:2 | Reached skill level 10 in Spellcasting
 69472 | Depths:2 | Reached XP level 24. HP: 161/201 MP: 32/40
 69532 | Depths:2 | Reached skill level 12 in Hexes
 70249 | Depths:2 | Noticed an ancient lich
 70256 | Depths:2 | Killed an ancient lich
 70638 | Depths:3 | Reached skill level 12 in Translocations
 70773 | Depths:3 | Received a gift from Okawaru
 70776 | Depths:3 | Noticed a juggernaut
 70799 | Depths:3 | Killed a juggernaut
 70841 | Depths:3 | Received a gift from Okawaru
 70861 | Depths:3 | Received a gift from Okawaru
 71094 | Depths:3 | Reached skill level 12 in Armour
 71129 | Depths:3 | Reached skill level 12 in Invocations
 71136 | Depths:3 | Found a one-way gate leading to the halls of Pandemonium.
 71138 | Depths:3 | Noticed a juggernaut
 71152 | Depths:3 | Killed a juggernaut
 71506 | Depths:3 | Received a gift from Okawaru
 71511 | Depths:3 | Got a spiked centaur barding {god gift}
 71522 | Depths:3 | Identified the -1 centaur barding "Qankyim" {rC+ MR+ Str+3}
                  | (Okawaru gifted it to you on level 3 of the Depths)
 72514 | Depths:4 | Reached skill level 26 in Bows
 72594 | Depths:4 | Reached XP level 25. HP: 195/206 MP: 40/40
 72936 | Depths:4 | Reached skill level 11 in Dodging
 73380 | Depths:5 | Entered Level 5 of the Depths
 73451 | Depths:5 | Found Raffuuse's Distillery.
 73459 | Depths:5 | Bought a potion of might for 92 gold pieces
 73459 | Depths:5 | Bought 2 potions of invisibility for 368 gold pieces
 73459 | Depths:5 | Bought 2 potions of mutation for 368 gold pieces
 73459 | Depths:5 | Bought a potion of might for 92 gold pieces
 73459 | Depths:5 | Bought a potion of haste for 230 gold pieces
 73516 | Depths:5 | Reached skill level 13 in Hexes
 73891 | Depths:5 | Reached skill level 21 in Fighting
 73996 | Depths:5 | Received a gift from Okawaru
 74277 | Depths:5 | Reached skill level 13 in Invocations
 74284 | Depths:5 | Received a gift from Okawaru
 74688 | Depths:5 | Reached skill level 13 in Translocations
 74908 | Depths:5 | Got an opal-encrusted leather armour
 74942 | Depths:5 | Found a gate to the Realm of Zot.
 75283 | Vaults:4 | Identified the +7 battleaxe of the Iron City of Dis {holy,
                  | +Fly MR+}
 75675 | Vaults:5 | Entered Level 5 of the Vaults
 75706 | Vaults:5 | Noticed an ancient lich
 75794 | Vaults:5 | Identified the +6 falchion of Ileus {holy, Dex+2}
 75946 | Vaults:5 | Identified the +9 spear of Action {elec, rC+ rN+ Int-3}
 76096 | Vaults:5 | Identified the +1 spear of Prudence {holy, rF+ MR+ Str+9
                  | Stlth-}
 76111 | Vaults:5 | Received a gift from Okawaru
 76114 | Vaults:5 | Reached XP level 26. HP: 158/215 MP: 40/40
 76249 | Vaults:5 | Identified the Handbook of Entrancing Companions
 76254 | Vaults:5 | Got a silver rune of Zot
 76310 | Vaults:5 | Killed an ancient lich
 76503 | Vaults:5 | Reached skill level 13 in Armour
 76509 | Vaults:5 | Received a gift from Okawaru
 76605 | Vaults:5 | Reached skill level 14 in Invocations
 76749 | Vaults:5 | Noticed an ancient lich
 76755 | Vaults:5 | Killed an ancient lich
 76755 | Vaults:5 | Reached skill level 12 in Dodging
 76755 | Vaults:5 | Reached skill level 14 in Hexes
 76758 | Vaults:5 | Received a gift from Okawaru
 76897 | Vaults:5 | Received a gift from Okawaru
 77067 | Vaults:5 | Identified the ring of Mysticism {MP+9 Str+5 Int+4}
 77446 | Vaults:5 | Noticed an ancient lich
 77450 | Vaults:5 | Killed an ancient lich
 77450 | Vaults:5 | Reached skill level 27 in Bows
 77450 | Vaults:5 | Reached skill level 14 in Translocations
 77587 | Vaults:5 | Identified the +3 plate armour of Anarchy {rN+}
 77935 | Vaults:5 | Identified Sif Muna's Collected Works on Floating Summoning
 79176 | Zot:1    | Entered Level 1 of the Realm of Zot
 79212 | Zot:1    | Received a gift from Okawaru
 79639 | Zot:1    | Found a stormy altar of Qazlal.
 79705 | Zot:1    | Received a gift from Okawaru
 79857 | Zot:1    | Reached XP level 27. HP: 224/224 MP: 39/40
 79994 | Zot:1    | Found a runed translucent gate.
 79994 | Zot:1    | Found a runed translucent gate.
 79995 | Zot:1    | Found a runed translucent gate.
 79995 | Zot:1    | Noticed an orb of fire
 79995 | Zot:1    | Noticed p0werm0de's ghost (adept DDFi)
 80240 | Zot:1    | Reached skill level 15 in Invocations
 80438 | Zot:1    | Identified the Catalogue of the Zealot
 80456 | Zot:1    | Identified the Compendium of Fire and Brimstone
 80671 | Zot:2    | Reached skill level 22 in Fighting
 80680 | Zot:2    | Received a gift from Okawaru
 81356 | Zot:3    | Reached skill level 15 in Hexes
 81975 | Zot:3    | Reached skill level 16 in Invocations
 82472 | Zot:3    | Reached skill level 13 in Dodging
 82487 | Zot:3    | Reached skill level 14 in Armour
 82629 | Zot:3    | Reached skill level 15 in Translocations
 83577 | Zot:4    | Reached skill level 17 in Invocations
 83846 | Zot:4    | Received a gift from Okawaru
 83993 | Zot:4    | Noticed an orb of fire
 84512 | Zot:4    | Noticed an ancient lich
 84532 | Zot:4    | Found a transporter.
 84535 | Zot:4    | Found a shimmering blue altar of Sif Muna.
 84626 | Zot:4    | Reached skill level 18 in Invocations
 84962 | Zot:5    | Entered Level 5 of the Realm of Zot
 85325 | Zot:5    | Received a gift from Okawaru
 85548 | Zot:5    | Noticed an ancient lich
 85554 | Zot:5    | Killed an ancient lich
 85554 | Zot:5    | Received a gift from Okawaru
 85561 | Zot:5    | Noticed an ancient lich
 85565 | Zot:5    | Killed an ancient lich
 85623 | Zot:5    | Received a gift from Okawaru
 85815 | Zot:5    | Reached skill level 14 in Dodging
 85815 | Zot:5    | Reached skill level 19 in Invocations
 85830 | Zot:5    | Reached skill level 23 in Fighting
 85870 | Zot:5    | Noticed an ancient lich
 85882 | Zot:5    | Killed an ancient lich
 85882 | Zot:5    | Received a gift from Okawaru
 85902 | Zot:5    | Noticed an orb of fire
 85910 | Zot:5    | Killed an orb of fire
 85923 | Zot:5    | Reached skill level 15 in Armour
 85934 | Zot:5    | Noticed an ancient lich
 85941 | Zot:5    | Killed an ancient lich
 86098 | Zot:5    | Noticed an orb of fire
 86108 | Zot:5    | Killed an orb of fire
 86108 | Zot:5    | Noticed an ancient lich
 86124 | Zot:5    | Noticed an ancient lich
 86125 | Zot:5    | Killed an ancient lich
 86144 | Zot:5    | Killed an ancient lich
 86144 | Zot:5    | Received a gift from Okawaru
 86193 | Zot:5    | Noticed an ancient lich
 86199 | Zot:5    | Killed an ancient lich
 86202 | Zot:5    | Noticed an ancient lich
 86210 | Zot:5    | Reached skill level 20 in Invocations
 86230 | Zot:5    | Noticed an orb of fire
 86235 | Zot:5    | Killed an orb of fire
 86269 | Zot:5    | HP: 48/221 [???[an ancient lich] (45)]
 86277 | Zot:5    | Killed an ancient lich
 86321 | Zot:5    | Noticed an ancient lich
 86501 | Zot:5    | Noticed an ancient lich
 86506 | Zot:5    | Killed an ancient lich
 86613 | Zot:5    | Noticed an ancient lich
 86618 | Zot:5    | Killed an ancient lich
 86638 | Zot:5    | Killed an ancient lich
 86638 | Zot:5    | Received a gift from Okawaru
 86840 | Zot:5    | Reached skill level 15 in Dodging
 87822 | Hell     | Entered the Vestibule of Hell
 87822 | Hell     | Noticed Geryon
 87839 | Hell     | Received a gift from Okawaru
 88021 | Hell     | Killed Geryon
 88349 | Depths:5 | Reached skill level 16 in Armour
 89004 | Depths:5 | HP: 54/218 [poisoned by an eldritch tentacle]
 89010 | Depths:5 | HP: 52/218 [poisoned by an eldritch tentacle]
 89015 | Depths:5 | HP: 50/218 [poisoned by an eldritch tentacle]
 89021 | Depths:5 | HP: 50/218 [poisoned by an eldritch tentacle]
 89027 | Depths:5 | HP: 51/218 [poisoned by an eldritch tentacle]
 89035 | Depths:5 | HP: 52/218 [poisoned by an eldritch tentacle]
 89473 | Hell     | HP: 40/218 [reaper/+2 scythe of flaming (27)]
 89474 | Hell     | Reached skill level 24 in Fighting
 89475 | Hell     | Mangled by a reaper

Levels and vault maps discovered:
D:1:      minmay_arrival_nine_rooms, layout_rooms, minivault_26
D:2:      layout_rooms, minmay_pentomino_p4
D:3:      wander_river, layout_loops_corners, first_ration,
          chequers_ecumenical_altar_simple, kennysheep_potato, uniq_terence
D:4:      layout_gridville, minmay_temple_entry_grid, kennysheep_generic_room_5,
          uniq_grinder, uniq_robin, uniq_menkaure
D:5:      layout_basic, kennysheep_mini, serial_shops, shop,
          uniq_prince_ribbit1, uniq_crazy_yiuf_cottage
D:6:      layout_loops_ring
D:7:      minmay_the_grid_plus [minmay_the_grid_zigzag_pyramid,
          minmay_the_grid_small_cups, minmay_the_grid_rooms,
          minmay_the_grid_expand, minmay_the_grid_prize_four_corners],
          layout_cave_pools, gammafunk_temple_overflow_statue,
          gammafunk_ghost_abyssal_escape, basic_altar, serial_shops,
          nicolae_shop_waterfront, shop, shop_statue, shop_statue, the_bakery
D:8:      layout_basic, nicolae_overflow_hidden_temple, minmay_liquid_box,
          uniq_erica, uniq_maggie, uniq_joseph
D:9:      layout_loops_ring, uniq_erolcha, uniq_harold, uniq_grum
D:10:     layout_loops_ring, minivault_1
D:11:     layout_rooms, lair_entry_dummy, orc_0_dummy, gauntlet_entry_generic,
          corexii_checkpoint_a, uniq_nergalle, uniq_urug
D:12:     layout_rooms, uniq_josephine, uniq_snorg, uniq_frances
D:13:     layout_roguey, hangedman_vaults_entry_quadrant_bands
D:14:     layout_loops_corners, nrook_campfire, worms_lemuel
D:15:     grunt_enter_depths_hoard, layout_loops_corners, serial_shops, shop,
          hangedman_decor_riveting, minmay_rotating_lava
Temple:   hc_temple_tempest_star
Lair:1:   layout_misc_corridors, small_statue_intersection, st_stairs_3,
          beast_lair_carwin_11, uniq_fannar
Lair:2:   layout_regular_city
Lair:3:   gammafunk_cloud_chamber, layout_chaotic_city, minmay_shoals_entry_hut,
          beast_lair_carwin_7, serial_bayou_shore_b, lemuel_fruit_tree
Lair:4:   layout_hall_layers, nicolae_spider_entry_tight_spaces, tgw_fedhas,
          grunt_megastairs_2
Lair:5:   layout_roguey, dpeg_slime_entry_corner, special_room
          [special_room_mythical_zoo]
Lair:6:   guppyfry_lair_end_dragon, layout_cave_shapes,
          hangedman_lair_tendril_chambers, nicolae_quartered_pool_super
Shoals:1: layout_shoals
Shoals:2: layout_shoals, nicolae_shoals_arrival_archipelago, uniq_polyphemus,
          uniq_aizul
Shoals:3: layout_shoals, serial_shops, bzr_entry_gold, uniq_nikola
Shoals:4: shoals_end_grunt_ice, layout_shoals
Spider:1: layout_spider_delve, drop_trap, uniq_louise, uniq_donald
Spider:2: layout_spider_delve
Spider:3: layout_spider_delve, uniq_mara, uniq_arachne
Spider:4: grunt_spider_rune_parallel
Orc:1:    layout_diamond_mine, serial_shops, nicolae_shop_window_shopping, shop,
          shop, uniq_jorgrun
Orc:2:    grunt_orc_cross, layout_caves, gammafunk_ghost_fury_of_okawaru,
          uniq_nessos
Elf:1:    mu_elemental_laboratory, layout_onion_city, hangedman_elf_disciples
Elf:2:    layout_gridlike, serial_shops, shop,
          portal_desolation_entry_twin_temple, special_room
          [special_room_mythical_zoo], minmay_misc_feat_columns, uniq_agnes,
          uniq_asterion
Elf:3:    grunt_elf_hall_spiral, layout_geoelf_octagon,
          gammafunk_ghost_wrathful_warriors
Vaults:1: grunt_vaults_swirl, hangedman_vaults_corner_blocks, v_misc_27,
          v_misc_30, nicolae_vaults_angled_halls, v_misc_13,
          nicolae_vaults_sealed_display, vaults_standard_mumra_x,
          vaults_mumra_bighexcomb, nicolae_vaults_stairing_the_circle,
          nicolae_vaults_asterisk, layout_vaults_omnicross, serial_shops, shop
Vaults:2: minmay_crypt_entry_simple_plaza, hangedman_vaults_cutoff,
          hangedman_vaults_hat, nicolae_vaults_mini_display_case,
          nicolae_vaults_what_the_h, nicolae_vaults_puzzle_piece, v_misc_27,
          grunt_vaults_diagonal, layout_vaults_omnigrid, serial_shops, shop,
          uniq_sojobo
Vaults:3: vaults_dpeg_doors, hangedman_vaults_stitches,
          nicolae_vaults_little_ls, nicolae_vaults_asterisk,
          nicolae_vaults_little_squares_4, nicolae_vaults_disjoint_gnomons,
          hangedman_vaults_cutoff, v_misc_9, nicolae_vaults_shelves_hall,
          vaults_room_fours, v_alt_pattern_1, nicolae_vaults_little_squares_1,
          vaults_dpeg_cross, nicolae_vaults_puzzle_piece,
          nicolae_vaults_gold_heap, layout_vaults_omnibox, serial_shops, shop,
          uniq_xtahua
Vaults:4: v_misc_11, v_pattern_2, nicolae_vaults_yaktaur_gun_rack, serial_ice_b,
          vaults_mumra_lcd, v_misc_29, vaults_door_vault, v_misc_9,
          grunt_vaults_hallway_long, grunt_vaults_hallway_short,
          layout_vaults_big_room
Vaults:5
Crypt:1:  layout_basic
Crypt:2:  gammafunk_the_bubble [the_bubble_gammafunk_plus_minus], layout_rooms,
          gammafunk_ghost_fury_of_okawaru
Crypt:3:  grunt_crypt_end_deaths_head, uniq_margery
Depths:1: layout_roguey, enter_ziggurat_b, serial_shops, shop,
          grunt_mini_vestibule, abyss_entry_flame_altar,
          nicolae_ashenzari_panopticon, grunt_megastairs_4
Depths:2: lemuel_river_lethe, hell_entry, abyss_entry
Depths:3: minmay_crescents, layout_gridlike, hell_entry, pan_entry,
          infiniplex_staircase_hallway_doors
Depths:4: cheibrodos_poisonous_passages, layout_small_grid, hell_entry,
          abyss_entry
Depths:5: grunt_x_marks_the_spot, layout_cave_pools, serial_shops,
          shop_fountains, minmay_misc_feat_ornament, pf_coc_iceberg,
          serial_bayou_shore_a
Hell
Zot:1:    nicolae_zot_draconian_monastery, layout_twisted_circle,
          gammafunk_ghost_tricky_traps
Zot:2:    layout_onion_interference, kennysheep_underground_church
Zot:3:    lemuel_draconian_sentries, layout_misc_corridors,
          st_small_dragon_hoard_1
Zot:4:    gammafunk_sealed_library, layout_twisted_circle
Zot:5:    layout_basic

Skill      XL: |  1  2  3  4  5  6  7  8  9 10 11 12 13 14 15 16 17 18 19 20 21 22 23 24 25 26 27 |
---------------+----------------------------------------------------------------------------------+-----
Bows           | 3 5 6 7 8 9 11 12 14 15 16 17 19 20 22 23 24 25 26 27 | 27.0
Fighting       | 2 3 4 5 6 7 8 10 11 12 14 15 16 17 18 19 20 21 24 | 24.0
Short Blades   | 1 3 5 7 8 9 |  9.7
Invocations    | 3 5 9 10 11 12 13 14 20 | 20.7
Evocations     | 1 4 5 |  5.0
Armour         | 1 3 5 7 8 9 10 11 12 13 16 | 16.0
Dodging        | 2 4 5 6 7 8 9 10 11 12 15 | 15.2
Long Blades    | 1 4 7 9 |  9.4
Hexes          | 3 6 7 8 10 11 12 13 14 15 | 15.0
Translocations | 1 5 7 8 9 10 11 12 13 14 15 | 15.0
Spellcasting   | 4 5 7 8 9 10 | 10.0

Action                   |  1- 3 |  4- 6 |  7- 9 | 10-12 | 13-15 | 16-18 | 19-21 | 22-24 | 25-27 || total
-------------------------+-------+-------+-------+-------+-------+-------+-------+-------+-------++-------
Melee: Hand axe          |    21 |       |       |       |       |       |       |       |       ||    21
       Kick              |    16 |    32 |    65 |    59 |     8 |     2 |     9 |       |     3 ||   194
       Spear             |    68 |   243 |       |       |       |       |       |       |       ||   311
       Halberd           |       |    22 |    61 |       |       |       |       |       |       ||    83
       Cutlass           |       |       |   271 |   247 |       |       |       |       |       ||   518
       Double sword      |       |       |       |       |    29 |     9 |    29 |       |     9 ||    76
       Punch             |       |       |       |       |       |     1 |       |       |       ||     1
 Fire: Shortbow          |     7 |    50 |    95 |   421 |       |       |       |       |       ||   573
       Longbow           |       |       |       |   159 |  1242 |  1719 |  1725 |  1952 |  2241 ||  9038
 Cast: Portal Projectile |       |       |       |       |       |       |     1 |     6 |     7 ||    14
Invok: Heroism           |       |       |       |    25 |    28 |    51 |    37 |    42 |    54 ||   237
       Finesse           |       |       |       |     1 |       |     5 |     7 |     4 |    11 ||    28
 Abil: Evoke Flight      |       |       |       |       |       |     2 |     5 |       |       ||     7
       Evoke Blink       |       |       |       |       |       |     4 |       |       |       ||     4
Evoke: Wand              |       |       |       |     1 |     1 |     7 |     3 |       |    11 ||    23
       Box of beasts     |       |       |       |       |       |     3 |     3 |     1 |       ||     7
       Phantom mirror    |       |       |       |       |       |     1 |       |       |       ||     1
  Use: Scroll            |       |       |    14 |    13 |    11 |    11 |    14 |    12 |    16 ||    91
       Potion            |       |       |     3 |     7 |     3 |    15 |     4 |     3 |     5 ||    40
  Eat: Chunk             |       |    11 |    14 |    14 |    26 |    28 |    19 |    11 |    17 ||   140
       Ration            |       |       |       |     4 |     1 |     3 |     7 |     5 |    10 ||    30
Armor: Chain mail        |    47 |   151 |   212 |   184 |   224 |       |       |       |       ||   818
       Robe              |     2 |       |       |       |       |       |       |       |       ||     2
       Plate armour      |       |       |       |       |   145 |   532 |   622 |   505 |    25 ||  1829
       Gold dragon scale |       |       |       |       |       |       |       |       |   667 ||   667
       Skin              |       |       |       |       |       |       |       |       |     1 ||     1
Dodge: Dodged            |    13 |    39 |    71 |    77 |   118 |   134 |   228 |   317 |   523 ||  1520
       Rpst.: Double sword |       |       |       |       |     6 |       |     2 |       |       ||     8

Table legend:
 A = Non-vault XP
 B = Vault XP
 C = Vault XP percentage of total XP
 D = Non-vault monster count
 E = Vault monster count
 F = Vault count percentage of total count
                 A         B        C        D         E       F
            +---------+---------+-------+---------+---------+-------
      Total |  895666 | 1131114 |  55.8 |    1617 |    1231 |  43.2
            +---------+---------+-------+---------+---------+-------
        D:1 |      51 |       0 |   0.0 |      16 |       0 |   0.0
        D:2 |     198 |      56 |  22.0 |      25 |       5 |  16.7
        D:3 |     181 |     401 |  68.9 |      31 |       2 |   6.1
        D:4 |     283 |     223 |  44.1 |       8 |      15 |  65.2
        D:5 |     298 |     308 |  50.8 |      14 |       2 |  12.5
        D:6 |     662 |     781 |  54.1 |      26 |       5 |  16.1
        D:7 |    2328 |    4899 |  67.8 |      33 |      28 |  45.9
        D:8 |    3367 |    1819 |  35.1 |      39 |       3 |   7.1
        D:9 |    1079 |    2723 |  71.6 |      15 |       7 |  31.8
       D:10 |    2848 |       0 |   0.0 |      32 |       0 |   0.0
       D:11 |   11143 |    2844 |  20.3 |      47 |       5 |   9.6
       D:12 |    3726 |    3900 |  51.1 |      23 |       5 |  17.9
       D:13 |   16144 |    7351 |  31.3 |      48 |      17 |  26.2
       D:14 |    7658 |    1646 |  17.7 |      42 |       6 |  12.5
       D:15 |   15252 |    9703 |  38.9 |      45 |      18 |  28.6
     Lair:1 |    5431 |    2175 |  28.6 |      22 |       6 |  21.4
     Lair:2 |    3882 |       0 |   0.0 |      15 |       0 |   0.0
     Lair:3 |    5681 |    2926 |  34.0 |      20 |      16 |  44.4
     Lair:4 |    8798 |    6005 |  40.6 |      26 |      14 |  35.0
     Lair:5 |    5855 |    9378 |  61.6 |      20 |      26 |  56.5
     Lair:6 |   12990 |   13530 |  51.0 |      35 |      47 |  57.3
   Shoals:1 |   13079 |       0 |   0.0 |      26 |       0 |   0.0
   Shoals:2 |    8703 |    8436 |  49.2 |      17 |       7 |  29.2
   Shoals:3 |   10328 |    4424 |  30.0 |      24 |       1 |   4.0
   Shoals:4 |   16063 |   22601 |  58.5 |      32 |      38 |  54.3
   Spider:1 |   20642 |    5566 |  21.2 |      54 |       2 |   3.6
   Spider:2 |   17157 |       0 |   0.0 |      44 |       0 |   0.0
   Spider:3 |   10681 |    7898 |  42.5 |      28 |       1 |   3.4
   Spider:4 |    9024 |   25236 |  73.7 |      20 |      51 |  71.8
      Orc:1 |    2275 |       0 |   0.0 |      26 |       0 |   0.0
      Orc:2 |    2142 |   17591 |  89.1 |      29 |      42 |  59.2
      Elf:1 |   13680 |   15501 |  53.1 |      23 |      33 |  58.9
      Elf:2 |   10487 |   41386 |  79.8 |      15 |      50 |  76.9
      Elf:3 |   10028 |   40376 |  80.1 |      16 |      27 |  62.8
   Vaults:1 |   46528 |   22394 |  32.5 |      75 |      44 |  37.0
   Vaults:2 |   16731 |   43329 |  72.1 |      23 |      49 |  68.1
   Vaults:3 |   32912 |   34925 |  51.5 |      57 |      38 |  40.0
   Vaults:4 |   53084 |   41554 |  43.9 |      74 |      35 |  32.1
   Vaults:5 |   20154 |  156081 |  88.6 |      34 |      96 |  73.8
    Crypt:1 |   35701 |       0 |   0.0 |      48 |       0 |   0.0
    Crypt:2 |   22322 |       0 |   0.0 |      36 |       0 |   0.0
    Crypt:3 |       0 |   80535 | 100.0 |       0 |     125 | 100.0
   Depths:1 |   10209 |    3212 |  23.9 |      12 |       6 |  33.3
   Depths:2 |     798 |   60461 |  98.7 |       3 |     106 |  97.2
   Depths:3 |   45266 |   34348 |  43.1 |      60 |      16 |  21.1
   Depths:4 |   24589 |   22207 |  47.5 |      31 |      19 |  38.0
   Depths:5 |   61983 |   43101 |  41.0 |      61 |      33 |  35.1
       Hell |   12043 |   12621 |  51.2 |      16 |      18 |  52.9
      Zot:1 |   49689 |   28443 |  36.4 |      30 |      18 |  37.5
      Zot:2 |   41660 |    7892 |  15.9 |      25 |       6 |  19.4
      Zot:3 |   45920 |   22640 |  33.0 |      26 |      13 |  33.3
      Zot:4 |   80439 |       0 |   0.0 |      48 |       0 |   0.0
      Zot:5 |   43494 |  212514 |  83.0 |      22 |      47 |  68.1
 Desolation |       0 |   41419 | 100.0 |       0 |      74 | 100.0
   Gauntlet |       0 |    3755 | 100.0 |       0 |       9 | 100.0
            +---------+---------+-------+---------+---------+-------

Levels and vault maps discovered:
D:1:      minmay_arrival_nine_rooms, layout_rooms, minivault_26
D:2:      layout_rooms, minmay_pentomino_p4
D:3:      wander_river, layout_loops_corners, first_ration,
          chequers_ecumenical_altar_simple, kennysheep_potato, uniq_terence
D:4:      layout_gridville, minmay_temple_entry_grid, kennysheep_generic_room_5,
          uniq_grinder, uniq_robin, uniq_menkaure
D:5:      layout_basic, kennysheep_mini, serial_shops, shop,
          uniq_prince_ribbit1, uniq_crazy_yiuf_cottage
D:6:      layout_loops_ring
D:7:      minmay_the_grid_plus [minmay_the_grid_zigzag_pyramid,
          minmay_the_grid_small_cups, minmay_the_grid_rooms,
          minmay_the_grid_expand, minmay_the_grid_prize_four_corners],
          layout_cave_pools, gammafunk_temple_overflow_statue,
          gammafunk_ghost_abyssal_escape, basic_altar, serial_shops,
          nicolae_shop_waterfront, shop, shop_statue, shop_statue, the_bakery
D:8:      layout_basic, nicolae_overflow_hidden_temple, minmay_liquid_box,
          uniq_erica, uniq_maggie, uniq_joseph
D:9:      layout_loops_ring, uniq_erolcha, uniq_harold, uniq_grum
D:10:     layout_loops_ring, minivault_1
D:11:     layout_rooms, lair_entry_dummy, orc_0_dummy, gauntlet_entry_generic,
          corexii_checkpoint_a, uniq_nergalle, uniq_urug
D:12:     layout_rooms, uniq_josephine, uniq_snorg, uniq_frances
D:13:     layout_roguey, hangedman_vaults_entry_quadrant_bands
D:14:     layout_loops_corners, nrook_campfire, worms_lemuel
D:15:     grunt_enter_depths_hoard, layout_loops_corners, serial_shops, shop,
          hangedman_decor_riveting, minmay_rotating_lava
Temple:   hc_temple_tempest_star
Lair:1:   layout_misc_corridors, small_statue_intersection, st_stairs_3,
          beast_lair_carwin_11, uniq_fannar
Lair:2:   layout_regular_city
Lair:3:   gammafunk_cloud_chamber, layout_chaotic_city, minmay_shoals_entry_hut,
          beast_lair_carwin_7, serial_bayou_shore_b, lemuel_fruit_tree
Lair:4:   layout_hall_layers, nicolae_spider_entry_tight_spaces, tgw_fedhas,
          grunt_megastairs_2
Lair:5:   layout_roguey, dpeg_slime_entry_corner, special_room
          [special_room_mythical_zoo]
Lair:6:   guppyfry_lair_end_dragon, layout_cave_shapes,
          hangedman_lair_tendril_chambers, nicolae_quartered_pool_super
Shoals:1: layout_shoals
Shoals:2: layout_shoals, nicolae_shoals_arrival_archipelago, uniq_polyphemus,
          uniq_aizul
Shoals:3: layout_shoals, serial_shops, bzr_entry_gold, uniq_nikola
Shoals:4: shoals_end_grunt_ice, layout_shoals
Spider:1: layout_spider_delve, drop_trap, uniq_louise, uniq_donald
Spider:2: layout_spider_delve
Spider:3: layout_spider_delve, uniq_mara, uniq_arachne
Spider:4: grunt_spider_rune_parallel
Orc:1:    layout_diamond_mine, serial_shops, nicolae_shop_window_shopping, shop,
          shop, uniq_jorgrun
Orc:2:    grunt_orc_cross, layout_caves, gammafunk_ghost_fury_of_okawaru,
          uniq_nessos
Elf:1:    mu_elemental_laboratory, layout_onion_city, hangedman_elf_disciples
Elf:2:    layout_gridlike, serial_shops, shop,
          portal_desolation_entry_twin_temple, special_room
          [special_room_mythical_zoo], minmay_misc_feat_columns, uniq_agnes,
          uniq_asterion
Elf:3:    grunt_elf_hall_spiral, layout_geoelf_octagon,
          gammafunk_ghost_wrathful_warriors
Vaults:1: grunt_vaults_swirl, hangedman_vaults_corner_blocks, v_misc_27,
          v_misc_30, nicolae_vaults_angled_halls, v_misc_13,
          nicolae_vaults_sealed_display, vaults_standard_mumra_x,
          vaults_mumra_bighexcomb, nicolae_vaults_stairing_the_circle,
          nicolae_vaults_asterisk, layout_vaults_omnicross, serial_shops, shop
Vaults:2: minmay_crypt_entry_simple_plaza, hangedman_vaults_cutoff,
          hangedman_vaults_hat, nicolae_vaults_mini_display_case,
          nicolae_vaults_what_the_h, nicolae_vaults_puzzle_piece, v_misc_27,
          grunt_vaults_diagonal, layout_vaults_omnigrid, serial_shops, shop,
          uniq_sojobo
Vaults:3: vaults_dpeg_doors, hangedman_vaults_stitches,
          nicolae_vaults_little_ls, nicolae_vaults_asterisk,
          nicolae_vaults_little_squares_4, nicolae_vaults_disjoint_gnomons,
          hangedman_vaults_cutoff, v_misc_9, nicolae_vaults_shelves_hall,
          vaults_room_fours, v_alt_pattern_1, nicolae_vaults_little_squares_1,
          vaults_dpeg_cross, nicolae_vaults_puzzle_piece,
          nicolae_vaults_gold_heap, layout_vaults_omnibox, serial_shops, shop,
          uniq_xtahua
Vaults:4: v_misc_11, v_pattern_2, nicolae_vaults_yaktaur_gun_rack, serial_ice_b,
          vaults_mumra_lcd, v_misc_29, vaults_door_vault, v_misc_9,
          grunt_vaults_hallway_long, grunt_vaults_hallway_short,
          layout_vaults_big_room
Vaults:5
Crypt:1:  layout_basic
Crypt:2:  gammafunk_the_bubble [the_bubble_gammafunk_plus_minus], layout_rooms,
          gammafunk_ghost_fury_of_okawaru
Crypt:3:  grunt_crypt_end_deaths_head, uniq_margery
Depths:1: layout_roguey, enter_ziggurat_b, serial_shops, shop,
          grunt_mini_vestibule, abyss_entry_flame_altar,
          nicolae_ashenzari_panopticon, grunt_megastairs_4
Depths:2: lemuel_river_lethe, hell_entry, abyss_entry
Depths:3: minmay_crescents, layout_gridlike, hell_entry, pan_entry,
          infiniplex_staircase_hallway_doors
Depths:4: cheibrodos_poisonous_passages, layout_small_grid, hell_entry,
          abyss_entry
Depths:5: grunt_x_marks_the_spot, layout_cave_pools, serial_shops,
          shop_fountains, minmay_misc_feat_ornament, pf_coc_iceberg,
          serial_bayou_shore_a
Hell
Zot:1:    nicolae_zot_draconian_monastery, layout_twisted_circle,
          gammafunk_ghost_tricky_traps
Zot:2:    layout_onion_interference, kennysheep_underground_church
Zot:3:    lemuel_draconian_sentries, layout_misc_corridors,
          st_small_dragon_hoard_1
Zot:4:    gammafunk_sealed_library, layout_twisted_circle
Zot:5:    layout_basic

Table legend:
 A = Turns spent in this place as a percentage of turns spent in the entire game.
 B = Non-inter-level travel turns spent in this place as a percentage of non-inter-level travel turns spent in the entire game.
 C = Inter-level travel turns spent in this place as a percentage of turns spent in this place.
 D = Turns resting spent in this place as a percentage of non-inter-level travel turns spent in this place.
 E = Turns spent auto-exploring this place as a percentage of non-inter-level travel turns spent in this place.
 F = Non-inter-level travel turns spent in this place divided by the number of levels of this place that you've seen.
                   A       B       C       D       E      F
               +-------+-------+-------+-------+-------+----------------------
         Total | 100.0 | 100.0 |   7.7 |  20.5 |  57.4 | 1448.8
       Dungeon |  24.9 |  24.2 |  10.3 |  20.8 |  55.9 | 1334.5
        Temple |   0.1 |   0.1 |  39.0 |   0.0 |  95.7 |  47.0
          Lair |  11.7 |  11.2 |  11.5 |  24.5 |  59.5 | 1544.7
        Shoals |   7.1 |   7.3 |   6.0 |  23.9 |  58.0 | 1502.0
   Spider Nest |   6.5 |   6.8 |   3.3 |  29.4 |  51.7 | 1399.8
  Orcish Mines |   2.7 |   2.3 |  20.4 |  10.4 |  63.4 | 952.0
   Elven Halls |   6.0 |   5.9 |   8.4 |  24.5 |  53.1 | 1628.0
        Vaults |  14.3 |  14.4 |   7.2 |   9.1 |  66.5 | 2382.2
         Crypt |   5.0 |   5.2 |   5.1 |  11.4 |  65.4 | 1421.0
        Depths |   9.1 |   9.3 |   5.2 |  26.6 |  50.1 | 1537.2
          Hell |   0.2 |   0.2 |   0.0 |   1.2 |   9.4 | 160.0
           Zot |   9.6 |  10.1 |   3.4 |  25.0 |  53.4 | 1663.6
        Bazaar |   0.4 |   0.4 |   0.0 |   0.0 |  71.3 | 359.0
    Desolation |   1.3 |   1.4 |   0.0 |   7.0 |  59.5 | 1181.0
      Gauntlet |   1.1 |   1.2 |   0.0 |  20.9 |  53.8 | 978.0
               +-------+-------+-------+-------+-------+----------------------

Table legend:
 A = Kills in this place as a percentage of kills in entire the game.
 B = Kills by you in this place as a percentage of kills by you in the entire game.
 C = Kills by friends in this place as a percentage of kills by friends in the entire game.
 D = Other kills in this place as a percentage of other kills in the entire game.
 E = Experience gained in this place as a percentage of experience gained in the entire game.
 F = Experience gained in this place divided by the number of levels of this place that you have seen.
                   A       B       C       D       E      F
               +-------+-------+-------+-------+-------+----------------------
         Total | 100.0 | 100.0 | 100.0 | 100.0 | 100.0 | 35557.5
       Dungeon |  19.7 |  19.8 |   0.0 |   0.0 |   5.0 | 6791.5
          Lair |   8.7 |   8.7 |   0.0 |   0.0 |   3.8 | 12775.2
        Shoals |   5.1 |   5.0 |   0.0 |  28.6 |   4.1 | 20908.5
   Spider Nest |   7.0 |   7.0 |   0.0 |  14.3 |   4.7 | 24051.0
  Orcish Mines |   3.4 |   3.4 |   0.0 |   0.0 |   1.1 | 11004.0
   Elven Halls |   5.8 |   5.8 |   0.0 |   0.0 |   6.5 | 43819.3
        Vaults |  18.4 |  18.4 |  50.0 |  28.6 |  23.1 | 93538.4
         Crypt |   7.3 |   7.3 |  50.0 |   0.0 |   6.8 | 46186.0
        Depths |  12.2 |  12.2 |   0.0 |  14.3 |  15.1 | 61234.8
          Hell |   1.2 |   1.2 |   0.0 |   0.0 |   1.2 | 24664.0
           Zot |   8.3 |   8.2 |   0.0 |  14.3 |  26.3 | 106538.2
    Desolation |   2.6 |   2.6 |   0.0 |   0.0 |   2.0 | 41419.0
      Gauntlet |   0.3 |   0.3 |   0.0 |   0.0 |   0.2 | 3755.0
               +-------+-------+-------+-------+-------+----------------------
